Cogmind - Beta 16 @@@ ROGUE MODE // 2025.11.03 @ 00:30:12 Player: MolePlayingNice Result: Destroyed by G-73 Enforcer with Phase Gun Performance ------------- Evolutions (9) 4500 Regions Visited (29) 5800 Robots Destroyed (642) 3210 Value Destroyed (39965) 39965 Prototype IDs (147) 2940 Alien Tech Used (7) 1400 Bonus (37653) 37653 TOTAL SCORE: 95468 Bonus ------- Triggered High Security 500 High Alert Combat Kills 25379 Follower Combat Kills 6776 Registered with UFD 300 Met Optimus in HQ 500 Met Data Miner 300 Met Zhirov 300 Built Enhanced Grunts 300 Met R17 at Cetus 500 Found Hidden Lab 3000 Met R17 at Research 2000 Scanned by Researcher 500 Met Optimus at Protoforge 1000 Friendly Fire -3702 Cogmind --------- Core Integrity 0/1600 Matter 300/300 Energy 76/100 System Corruption 14% Temperature Cool (18) Movement Core (50) Location -1/Access Parts ------- > --- POWER (3) -------- (None) > --- PROPULSION (6) --- (None) > --- UTILITY (13) ----- Experimental Optical Array > --- WEAPON (3) ------- (None) > --- INVENTORY (5) ---- Advanced Phase Shifter Concept Disintegration Ray (7) Peak State ------------ > --- POWER ------------ Hybrid Graviton Reactor Concept Zero-point Core Concept Zero-point Core > --- PROPULSION ------- Myomer Leg Myomer Leg Experimental Armored Exoskeleton > --- UTILITY ---------- Concept Thermoelectric Network Concept Antigrav Storage Unit Experimental Optical Array Experimental Active Sensor Suite Concept Countertargeting System Concept Networked Targeting System Concept Core Analysis Suite Mini Quantum Capacitor Concept Cloak Mesh Medium Regenerative Plating Medium Regenerative Plating Concept Matter Streamer > --- WEAPON ----------- Concept Plasma Driver Concept Helical Railcannon Concept Tactical Fusion Warhead > --- INVENTORY -------- Light Quantum Reactor Concept Zero-point Core Myomer Leg Myomer Leg Experimental Armored Exoskeleton Advanced Heat Sink Advanced Heat Sink Concept NT7 Matterbank Concept Countertargeting System Experimental Reaction Control System Concept Cloak Mesh Graphene Brace Experimental System Purifier Personal Teleporter v0.10 Concept Variable Chargecaster Concept Variable Chargecaster Concept Disintegration Ray Concept XC Strikerail Concept XC Strikerail Concept Rapid Grenade Launcher Botcube Botcube [Rating: 290] Favorites ----------- Power Enhanced Fission Core Engine Improved Ion Engine Power Core Enhanced Fission Core Reactor Hybrid Graviton Reactor Propulsion Centrium Heavy Treads Treads Centrium Heavy Treads Leg Experimental VSS Leg Wheel Armored Wheel Hover Unit Linear Gravjet Flight Unit Cesium-ion Thruster Utility Medium Regenerative Plating Device Advanced Cooling System Storage High-capacity Storage Unit Processor Advanced Signal Interpreter Hackware Deep Network Scanner Protection Medium Regenerative Plating Weapon Concept Plasma Driver Energy Gun Advanced Plasma Rifle Energy Cannon Concept Plasma Driver Ballistic Gun Concept XC Strikerail Ballistic Cannon Concept Helical Railcannon Launcher Concept Tactical Fusion Warhead Special Weapon CPS Tube Impact Weapon Impact Mace Slashing Weapon Scythe Special Melee Weapon Improved Datajack Build | -11 -10 -9 -9 -9 -9 -6 -6 -6 -6 -5 -5 -5 -5 -5 -5 -5 -4 -4 -4 -4 -4 -4 -3 -3 -3 -2 -2 -2 -1 ------- Run | Yrd Mat Mat Sto Rec Scr Fac Low Low Dat Pro Fac Was Fac Upp Upp Zhi Pro Fac Ext Cet Arc Hub Res Arm Lab Res Qua Frg Acc Slots Evolved 18 | . . 2 . . . 6 . . . . 2 . . . . . . 2 . . . . 2 . . 2 . . 2 Power 2 | . . . . . . 1 . . . . . . . . . . . . . . . . . . . 1 . . . Propulsion 4 | . . . . . . 2 . . . . . . . . . . . . . . . . 2 . . . . . . Utility 11 | . . 1 . . . 3 . . . . 2 . . . . . . 2 . . . . . . . 1 . . 2 Weapon 1 | . . 1 . . . . . . . . . . . . . . . . . . . . . . . . . . . Parts Attached 318 | . 6 18 4 3 17 26 8 8 . 1 15 1 5 1 . 5 3 7 23 22 . 2 9 3 1 9 12 94 15 Power 39 | . . 1 1 . 3 4 4 . . . 2 . . . . 1 . . 3 2 . . . . . . 4 14 . Engine 11 | . . 1 1 . 3 3 3 . . . . . . . . . . . . . . . . . . . . . . Core 10 | . . . . . . 1 1 . . . 2 . . . . . . . 3 . . . . . . . . 3 . Reactor 18 | . . . . . . . . . . . . . . . . 1 . . . 2 . . . . . . 4 11 . Propulsion 51 | . 3 3 . 2 4 5 1 . . 1 3 . 1 . . 2 1 . 2 3 . . . 1 . . . 12 7 Treads 13 | . 2 2 . 1 1 . . . . . . . . . . . . . . 3 . . . 1 . . . 2 1 Leg 32 | . . 1 . . 1 5 1 . . 1 3 . 1 . . 2 1 . 2 . . . . . . . . 10 4 Wheel 4 | . 1 . . 1 2 . . . . . . . . . . . . . . . . . . . . . . . . Hover 1 | . . . . . . . . . . . . . . . . . . . . . . . . . . . . . 1 Flight 1 | . . . . . . . . . . . . . . . . . . . . . . . . . . . . . 1 Utility 149 | . 2 4 2 1 3 11 2 5 . . 9 1 3 1 . 2 1 5 11 12 . 1 7 1 1 5 5 46 8 Device 84 | . 1 3 2 1 3 5 1 4 . . 8 1 . 1 . . . 2 6 2 . 1 5 . . 3 3 26 6 Storage 9 | . 1 1 . . . 1 . . . . . . . . . 1 . 1 . 1 . . . 1 . . . 2 . Processor 16 | . . . . . . 2 . . . . 1 . . . . . . 1 . 1 . . . . . 1 2 8 . Hackware 7 | . . . . . . . . . . . . . 2 . . . . 1 . . . . 2 . . 1 . 1 . Protection 33 | . . . . . . 3 1 1 . . . . 1 . . 1 1 . 5 8 . . . . 1 . . 9 2 Artifact . | . . . . . . . . . . . . . . . . . . . . . . . . . . . . . . Weapon 79 | . 1 10 1 . 7 6 1 3 . . 1 . 1 . . . 1 2 7 5 . 1 2 1 . 4 3 22 . Energy Gun 35 | . . 5 . . . . 1 2 . . 1 . . . . . . 1 5 4 . 1 2 1 . 2 2 8 . Energy Cannon 15 | . . 4 1 . 1 4 . . . . . . 1 . . . . . . . . . . . . 1 . 3 . Ballistic Gun 13 | . 1 . . . 2 . . . . . . . . . . . 1 1 2 1 . . . . . . . 5 . Ballistic Cannon 3 | . . . . . . . . . . . . . . . . . . . . . . . . . . . 1 2 . Launcher 5 | . . . . . 1 . . . . . . . . . . . . . . . . . . . . 1 . 3 . Special Weapon 4 | . . . . . 2 . . 1 . . . . . . . . . . . . . . . . . . . 1 . Impact Weapon 2 | . . 1 . . . 1 . . . . . . . . . . . . . . . . . . . . . . . Slashing Weapon 1 | . . . . . . 1 . . . . . . . . . . . . . . . . . . . . . . . Piercing Weapon . | . . . . . . . . . . . . . . . . . . . . . . . . . . . . . . Special Melee Weapon 1 | . . . . . 1 . . . . . . . . . . . . . . . . . . . . . . . . Unidentified Prototypes 45 | . . . 1 . . 2 . 1 . . 1 . . . . 5 . . . 8 . 1 1 1 1 1 1 21 . Corrupted Parts 1 | . . . . . . . . . . . . . . . . . . . . 1 . . . . . . . . . System Corruption 9 | . . . . . . . . . . . . . . . . . . . . 9 . . . . . . . . . Parts Lost 71 | . . 3 . . 6 1 2 . . . 1 . . . . . 2 3 2 . . . . . . . 1 25 25 Power 13 | . . 1 . . 3 . 1 . . . 1 . . . . . . . . . . . . . . . . 5 2 Propulsion 14 | . . 1 . . 1 . . . . . . . . . . . . . . . . . . . . . . 5 7 Utility 31 | . . 1 . . 1 1 1 . . . . . . . . . 2 2 1 . . . . . . . 1 10 11 Weapon 13 | . . . . . 1 . . . . . . . . . . . . 1 1 . . . . . . . . 5 5 Highest Loss Streak 6 | . . 1 . . 4 1 1 . . . 1 . . . . . 1 1 2 . . . . . . . 1 5 6 To Critical Strikes . | . . . . . . . . . . . . . . . . . . . . . . . . . . . . . . Average Backups 17 | 6 12 18 20 20 17 13 13 14 15 15 14 14 13 13 14 15 15 15 15 14 16 16 16 17 17 18 19 19 16 Power 1 | 1 2 2 1 1 . . . . . . 1 1 1 1 1 1 1 1 . . . . . 1 1 . 1 1 2 Propulsion 1 | 4 5 4 4 4 2 . 1 . 1 1 1 1 1 2 2 2 2 2 1 . 1 1 . 1 2 2 1 1 1 Utility 6 | . 2 4 5 5 5 4 4 6 6 6 5 5 5 4 4 4 4 2 6 5 7 6 6 6 6 5 6 7 6 Weapon 5 | 1 3 7 8 8 6 4 2 3 4 3 3 4 3 3 4 4 4 5 3 4 5 5 4 5 5 6 5 7 4 Tool/Special . | . . . . . . . . . . . . . . . . . . . . . . . . . . . . . . Unused Backups 149 | . 7 11 2 1 21 6 6 2 . 1 9 . 1 1 . 1 . . 1 5 . 1 1 2 2 3 4 53 8 Power 12 | . 1 2 . . 2 . . . . . 1 . . . . . . . . . . . . . . . . 4 2 Propulsion 38 | . 4 2 . 1 4 1 1 . . . 2 . . . . . . . . 1 . . . 1 . . . 20 1 Utility 61 | . . 1 1 . 9 4 5 1 . 1 5 . . . . 1 . . . 3 . 1 1 1 2 1 2 19 3 Weapon 35 | . 2 6 1 . 6 1 . 1 . . . . 1 1 . . . . 1 1 . . . . . 2 1 9 2 Tool/Special 3 | . . . . . . . . . . . 1 . . . . . . . . . . . . . . . 1 1 . Average Slot Usage (%) 89 | . 92 99 100 100 94 95 99 99 100 100 99 99 100 100 100 83 99 95 99 91 89 88 84 85 84 85 85 83 69 Engine 3 | . 14 11 11 11 10 8 6 10 6 6 2 . . . . . . . . . . . . . . . . . . Core 4 | . . . . . . 3 5 1 6 6 7 11 11 11 11 7 5 5 6 6 5 4 4 4 4 4 3 4 5 Reactor 3 | . . . . . . . . . . . . . . . . 2 5 5 3 3 5 5 4 4 4 7 8 6 4 Treads 5 | . 19 17 11 13 6 . . . . . . . . . . . . . . 6 10 10 14 14 14 13 12 1 . Leg 9 | . 6 . . . . 23 26 26 26 26 23 23 23 23 23 23 23 21 21 6 . . . . . . . 11 8 Wheel 1 | . 1 4 11 8 10 . . . . . . . . . . . . . . . . . . . . . . . . Device 20 | . 7 21 22 22 21 23 18 19 20 18 22 24 22 23 23 23 25 26 22 16 15 15 17 17 19 15 19 22 24 Storage 5 | . 14 11 11 11 11 7 6 6 6 6 5 5 5 5 5 5 5 5 5 5 5 5 4 4 4 4 4 4 4 Processor 8 | . . . . . . 3 6 6 6 6 10 11 11 11 11 11 11 12 15 18 21 21 19 19 19 17 13 6 8 Hackware 1 | . . . . . . . . . . . . . . . . . . 4 . . . . 2 . . 3 4 2 . Protection 5 | . . . . . . 2 7 6 6 7 5 3 4 5 5 4 2 . 8 10 10 10 3 5 3 5 4 8 5 Energy Gun 6 | . 10 18 . . . . . 6 20 19 15 10 11 11 11 1 8 3 8 12 15 15 13 14 14 12 8 3 1 Energy Cannon 7 | . . 9 33 33 31 10 18 12 . . 1 5 5 5 5 . 7 8 . . . . . . . . 4 4 1 Ballistic Gun 2 | . 17 3 . . . 7 . . . . . . . . . . . 2 5 1 . . . . . . . 2 . Peak Build Rating 290 | 6 12 20 24 25 47 84 85 89 88 90 111 111 112 112 112 111 112 121 121 144 141 143 164 166 168 192 196 286 290 Average Rating 147 | 6 8 17 23 24 29 76 81 83 88 88 107 109 108 111 111 93 109 116 115 135 141 141 159 163 163 188 189 239 237 On Entrance 104 | 6 6 12 20 24 25 46 82 82 88 88 88 110 105 112 111 111 109 111 115 120 141 141 143 164 162 165 188 193 253 Avg Prop Armor Cover (%) 9 | . 12 10 10 10 9 . . . . . . . . . . . . . . . . . . . . . . 2 28 Naked Turns . | . . . . . . . . . . . . . . . . . . . . . . . . . . . . . . Heaviest Build 192 | 14 52 63 69 70 70 94 96 98 85 92 101 96 97 98 98 97 101 94 102 114 108 108 107 146 141 179 183 192 141 Greatest Support 240 | 20 40 40 16 40 40 96 92 92 92 92 96 96 99 99 99 113 108 108 113 160 160 160 240 240 230 230 230 240 151 Greatest Overweight (x) 5 | . 3 3 4 4 5 1 1 1 . 1 1 . 1 . . . 1 . 1 1 . . . . . . 1 3 5 Average Overweight (x) . | . 1 1 3 3 3 . . . . . . . . . . . . . . . . . . . . . . . . Largest Inventory Capacity 25 | 8 20 20 20 20 20 20 20 20 20 20 20 20 20 20 20 20 20 20 20 20 20 20 20 25 25 25 25 25 25 Average Capacity 22 | 8 17 20 20 20 20 20 20 20 20 20 20 20 20 20 20 20 20 20 20 20 20 20 20 22 25 25 25 25 22 Most Carried 25 | 6 20 20 20 20 20 20 20 20 20 20 20 20 20 20 20 20 20 20 20 20 20 20 20 25 25 25 25 25 25 Average Carried 20 | 6 12 19 19 19 17 19 19 19 20 19 19 20 19 19 20 19 19 19 19 19 20 19 19 22 24 24 24 22 19 Final Capacity 25 | 8 20 20 20 20 20 20 20 20 20 20 20 20 20 20 20 20 20 20 20 20 20 20 20 25 25 25 25 25 5 Final Carried 25 | 6 20 20 20 20 20 20 19 20 20 20 20 20 20 20 20 20 19 19 20 20 20 20 20 24 25 25 24 22 2 Class Distribution -------------------- 18% | Scavenger-Tank 14% | Scavenger-Gunner 14% | Gunner 13% | Scavenger-Skirmisher 10% | Hacker-Tank 8% | Skirmisher 4% | Tank 4% | Mutant 3% | Hacker-Skirmisher 3% | Scavenger-Mutant Dominant Class ---------------- Mutant | -10/Materials Scavenger-Gunner | -9/Materials Scavenger-Gunner | -9/Storage Scavenger-Gunner | -9/Recycling Gunner | -9/Scraptown Scavenger-Tank | -6/Factory Scavenger-Tank | -6/Lower Caves Scavenger-Tank | -6/Lower Caves Scavenger-Tank | -6/Data Miner Scavenger-Tank | -5/Proximity Caves Skirmisher | -5/Factory Skirmisher | -5/Waste Skirmisher | -5/Factory Skirmisher | -5/Upper Caves Skirmisher | -5/Upper Caves Mutant | -5/Zhirov Skirmisher | -4/Proximity Caves Skirmisher | -4/Factory Commander-Tank | -4/Extension Scavenger-Tank | -4/Cetus Scavenger-Tank | -4/Archives Scavenger-Tank | -4/Hub_04(d) Scavenger-Tank | -3/Research Scavenger-Tank | -3/Armory Scavenger-Skirmisher | -3/Lab Hacker-Tank | -2/Research Hacker-Tank | -2/Quarantine Gunner | -2/Protoforge Scavenger-Mutant | -1/Access Resources | -11 -10 -9 -9 -9 -9 -6 -6 -6 -6 -5 -5 -5 -5 -5 -5 -5 -4 -4 -4 -4 -4 -4 -3 -3 -3 -2 -2 -2 -1 ----------- Run | Yrd Mat Mat Sto Rec Scr Fac Low Low Dat Pro Fac Was Fac Upp Upp Zhi Pro Fac Ext Cet Arc Hub Res Arm Lab Res Qua Frg Acc Matter Collected 19374 | 200 436 189 130 40 551 744 271 86 . 133 359 . 112 144 120 250 273 103 442 510 . 42 170 80 . 385 516 10850 2238 Remotely 6471 | . . . . . . . . . . . . . . . . . . . . . . . . . . . . 4573 1898 Salvage Created 30906 | . 690 664 403 166 458 1440 674 210 . 28 1046 . 112 71 208 . 288 416 1086 394 . 869 504 241 . 673 1448 13461 5356 Parts 1186 | . 24 40 33 11 23 47 26 4 . . 34 . 6 . 15 . 9 14 39 29 . 31 14 2 . 28 88 502 167 Haulers Intercepted 17 | . 1 3 . . . 2 . 1 . . 4 . . . . . . 2 . . . 2 1 . . . . . 1 Recyclers Shooed 9 | . . 1 1 . . 5 . . . . . . . . . . . . 1 . . 1 . . . . . . . Parts Field Recycled . | . . . . . . . . . . . . . . . . . . . . . . . . . . . . . . Retrieved Matter . | . . . . . . . . . . . . . . . . . . . . . . . . . . . . . . Parts Self-Destructed 52 | . . . . . . . 14 10 . 6 . . . . 15 . 7 . . . . . . . . . . . . Prevented 1 | . . . . . . . . . . . . . . . 1 . . . . . . . . . . . . . . Parts Restored 28 | . . . . . . . . . . . . . . . . . . . . . . . . . . . . 28 . Faulty 28 | . . . . . . . . . . . . . . . . . . . . . . . . . . . . 28 . Kills | -11 -10 -9 -9 -9 -9 -6 -6 -6 -6 -5 -5 -5 -5 -5 -5 -5 -4 -4 -4 -4 -4 -4 -3 -3 -3 -2 -2 -2 -1 ------- Run | Yrd Mat Mat Sto Rec Scr Fac Low Low Dat Pro Fac Was Fac Upp Upp Zhi Pro Fac Ext Cet Arc Hub Res Arm Lab Res Qua Frg Acc Combat Hostiles Destroyed 537 | . 15 13 8 3 10 13 11 2 . 1 10 . 1 1 3 . 4 3 14 6 . 13 5 3 . 11 19 264 104 Melee 1 | . . . . . . 1 . . . . . . . . . . . . . . . . . . . . . . . Guns 120 | . 15 11 . . . 2 . 1 . 1 8 . 1 . 1 . 2 1 12 6 . 11 3 1 . 8 7 4 25 Cannons 149 | . . 1 7 3 6 9 8 1 . . 2 . . . 1 . 1 2 2 . . . . . . . 11 76 19 AOE 228 | . . . . . 4 . . . . . . . . . . . . . . . . . . . . 2 . 166 56 Classes Destroyed 36 | . 4 2 2 . 5 3 2 . . . 2 . . . 1 . . . . . . . . . . 1 . 14 . Worker 19 | . 1 1 2 . . 1 . . . . 1 . . . . . . 1 . . . 2 1 . . . 1 . 8 Builder 10 | . . . 1 . . 3 . . . . 1 . . . . . . . . . . . 1 . . . . . 4 Tunneler 3 | . . . . . . . . . . . . . . . . . . . . . . . . . . 2 . . 1 Hauler 17 | . 1 3 . . . 2 . 1 . . 4 . . . . . . 2 . . . 2 1 . . . . . 1 Recycler 5 | . . . . . . 3 . . . . . . . . . . . . 2 . . . . . . . . . . Carrier 6 | . . . . . . . . . . . . . . . . . . . . . . . . . . . . 4 2 Mechanic 27 | . . . . . . . . . . . . . . . . . . . . . . . . . . . . 25 2 Operator 5 | . . . . . . . . . . . 1 . 1 . . . . . . . . . 1 . . . . 2 . Drone 20 | . . . . . . . . . . . . . . . . . . . . . . . . . . . . 20 . Watcher 10 | . . . . . . 1 . . . . . . . . . . . . 1 . . 2 . . . 1 3 2 . Swarmer 49 | . . 4 . . . . . . . 1 . . . . . . . . 4 2 . 6 . . . 4 . 28 . Saboteur 17 | . . . . . . . . . . . . . . . . . . . . . . . . . . . . 10 7 Grunt 136 | . 14 5 3 . . 8 3 2 . . 6 . . . . . . 1 2 2 . 1 1 . . . 5 36 47 Brawler 19 | . . . 1 . . . . . . . . . . . . . . . . 1 . . . . . . . 11 6 Duelist 25 | . . . . . . . . . . . . . . . . . . . . . . . . . . . . 15 10 Protector 15 | . . . . . . . . . . . . . . . . . . . . . . . . . . . . 9 6 Researcher 4 | . . . . . . . . . . . . . . . . . . . . . . . . . . . . 4 . Sentry 38 | . . 4 4 3 . . 1 . . . . . 1 1 1 . . . 6 . . 1 . 1 . 2 . 13 . Demolisher 4 | . . . . . . . . . . . . . . . . . . . . . . . . . . . . 3 1 Specialist 2 | . . . . . . . . . . . . . . . . . . . . . . . . . . . . 2 . Hunter 44 | . . . . . . . . . . . 2 . . . . . 4 . . . . 2 3 2 . . . 22 9 Programmer 61 | . . . . . . 5 . . . . 2 . . . 1 . . 2 . 1 . 2 . . . 5 14 18 11 Behemoth 6 | . . . . . . . . . . . . . . . 1 . . . 2 . . 1 1 . . . . 1 . Hotshot 7 | . . . . . . . . . . . . . . . . . . . . . . . . . . . . 7 . Decapitator 9 | . . . . . . . . . . . . . . . . . . . . . . . . . . . . 9 . Immortal 3 | . . . . . . . . . . . . . . . . . . . . . . . . . . . . 3 . Investigator 1 | . . . . . . . . . . . . . . . . . . . . . . . . . . . . . 1 Striker 31 | . . . . . . . . . . . . . . . . . . . . . . . . . . . . 29 2 Executioner 27 | . . . . . . . . . . . . . . . . . . . . . . . . . . . . 22 5 Alpha 7 2 | . . . . . . . . . . . . . . . . . . . . . . . . . . . . 2 . V-Series 4 | . . . . . . . . . . . . . . . . . . . . . . . . . . . . 4 . Subdweller 1 | . 1 . . . . . . . . . . . . . . . . . . . . . . . . . . . . Federalist 2 | . . . . . 2 . . . . . . . . . . . . . . . . . . . . . . . . Explorer 1 | . . . . . 1 . . . . . . . . . . . . . . . . . . . . . . . . Ranger 1 | . . . . . 1 . . . . . . . . . . . . . . . . . . . . . . . . Guru 3 | . . . . . 2 . . . . . . . . . . . . . . . . . . . . . . 1 . Scrapper 4 | . . . . . 4 . . . . . . . . . . . . . . . . . . . . . . . . Scrapoid 1 | . . . . . . . . . . . . . . . . . . . . . . . . . . . . 1 . Thug 5 | . . . . . . . 5 . . . . . . . . . . . . . . . . . . . . . . Butcher 1 | . . . . . . . 1 . . . . . . . . . . . . . . . . . . . . . . Mutant 1 | . . . . . . . 1 . . . . . . . . . . . . . . . . . . . . . . Best Kill Streak 30 | . 3 5 6 1 6 6 3 2 . 1 3 . 1 1 1 . 4 3 4 3 . 7 3 2 . 5 3 30 23 Combat Bots Only 26 | . 3 5 3 1 6 4 3 2 . 1 3 . 1 1 1 . 4 2 4 3 . 4 2 2 . 3 3 26 21 Max Kills in Single Turn 7 | . 1 2 3 1 3 2 1 1 . 1 2 . 1 1 1 . 1 1 2 2 . 2 2 1 . 2 2 7 4 Gunslinging 1 | . . . . . . . . . . . . . . . . . . . 1 1 . 1 . . . . . . . Exploded 6 | . . . . . 3 . . . . . . . . . . . . . . . . . . . . 2 . 6 4 Melee 1 | . . . . . . 1 . . . . . . . . . . . . . . . . . . . . . . . Uniques/NPCs Destroyed 1 | . . . . . . . . . . . . . . . . . . . . 1 . . . . . . . . . A7 (-4/Cetus) Combat | -11 -10 -9 -9 -9 -9 -6 -6 -6 -6 -5 -5 -5 -5 -5 -5 -5 -4 -4 -4 -4 -4 -4 -3 -3 -3 -2 -2 -2 -1 -------- Run | Yrd Mat Mat Sto Rec Scr Fac Low Low Dat Pro Fac Was Fac Upp Upp Zhi Pro Fac Ext Cet Arc Hub Res Arm Lab Res Qua Frg Acc Hostile Shots Fired 2110 | . 59 58 11 . 102 63 67 12 . 10 47 . 8 2 26 . 79 22 41 16 . 66 12 18 . 58 145 677 511 Missed 569 | . 16 14 3 . 27 21 15 4 . 5 14 . . . 9 . 24 4 11 3 . 18 5 7 . 17 24 180 148 Deflected 2 | . . . . . . . . . . . . . . . . . . . . . . . . . . . . 2 . Hits 1541 | . 43 44 8 . 75 42 52 8 . 5 33 . 8 2 17 . 55 18 30 13 . 48 7 11 . 41 121 497 363 Melee 40 | . . . . . . . . 1 . . . . . . . . . . . . . . . . . . . 28 11 Projectile 1501 | . 43 44 8 . 75 42 52 7 . 5 33 . 8 2 17 . 55 18 30 13 . 48 7 11 . 41 121 469 352 AOE 10 | . . . . . . . . . . . . . . . . . . . . . . . . . . . . 9 1 Critical Strikes 111 | . 1 . 1 . 5 1 1 1 . . 2 . . 1 2 . . 3 3 2 . 2 . 1 . 5 16 39 25 Actively Blocked 72 | . . . . . . . . . . . . . . . . . . . . . . . . . . . 16 39 17 Part Disruptions 4 | . . . . . . 1 . . . . . . . . . . . . . . . . . . . . 1 1 1 Damage Taken 34228 | . 552 512 108 . 1448 706 886 175 . 94 637 . 199 45 302 . 801 421 731 203 . 861 201 203 . 526 1669 13567 9381 Core 3949 | . 95 73 42 . 230 73 41 17 . . 34 . . 21 . . 30 107 38 . . 35 14 . . 12 55 1417 1615 Absorbed by Shields 5010 | . . . . . . . . . . . . . . . . . . . 54 148 . 70 23 29 . 497 1021 3146 22 Reduced by Siege Mode 471 | . . . . . . . . . . . . . . . . . . . . . . 4 . 16 . 27 98 60 266 Redirected to Shielding 11 | . . . . . . . . . . . . . . . . . . . . . . . . . . . . 11 . Ignored by Resistances 237 | . . . . . . . . . . . . . . . . . . . . . . . . . . . . 237 . Regen/Repaired (Parts) 4340 | . . . . . . . . . . . . . . . . . . . . 77 . 89 27 34 . 77 720 2549 767 Core Remaining (%) 66 | 100 62 . . . 13 . . . . 84 . . . . . . 91 . . . . 84 . . 92 . . 8 . Volleys Fired 1462 | . 54 39 10 3 25 45 29 14 . 22 46 15 6 3 10 . 30 17 37 35 6 36 15 36 92 64 74 514 185 Largest 3 | . 2 3 3 3 3 3 3 3 . 3 3 2 3 3 3 . 3 3 3 3 1 3 3 3 3 3 3 3 3 Hottest 375 | . 70 180 220 220 225 235 220 235 . 231 241 160 241 254 254 . 254 258 195 257 81 250 264 264 248 296 279 375 285 Shots Fired 2499 | . 107 100 28 9 58 114 87 33 . 28 124 15 14 8 28 . 64 42 99 86 7 105 43 51 155 113 177 613 191 Gun 1397 | . 107 75 . . 1 46 . 11 . 11 109 1 9 4 18 . 32 14 90 85 7 105 43 51 155 92 106 140 85 Cannon 959 | . . 25 28 9 53 68 87 21 . 17 15 14 5 4 10 . 32 28 9 . . . . . . 19 71 379 65 Launcher 138 | . . . . . 3 . . . . . . . . . . . . . . . . . . . . 2 . 92 41 Special 5 | . . . . . 1 . . 1 . . . . . . . . . . . 1 . . . . . . . 2 . Kinetic 259 | . 63 10 . . 1 46 . . . . . . . . . . 1 8 48 12 . . . . . . . 65 5 Thermal 2066 | . 44 90 28 9 53 68 87 32 . 28 124 15 14 8 28 . 63 34 51 73 7 105 43 51 155 111 177 427 141 Explosive 138 | . . . . . 3 . . . . . . . . . . . . . . . . . . . . 2 . 92 41 Electromagnetic 16 | . . . . . . . . . . . . . . . . . . . . . . . . . . . . 16 . Entropic 15 | . . . . . . . . . . . . . . . . . . . . . . . . . . . . 11 4 Robot Hit Streak 57 | . 17 10 7 10 10 9 9 6 . 12 19 2 6 12 18 . 9 7 16 9 . 12 11 12 . 20 25 23 57 Robot Miss Streak 8 | . 4 2 2 1 8 4 4 4 . 1 4 . 1 . 1 . 5 3 2 5 1 2 3 2 . 3 5 6 2 Penetration Max 1 | . . . . . . 1 . . . . . . . . . . . 1 1 . . . . . . . . 1 1 Secondary Targets 20 | . 1 3 . . . . . . . . 1 . . . . . . . 3 2 . 6 . . . 2 . 1 1 Max Gunslinging Chain 1 | . 1 1 . . . . . . . . 1 . . . . . . . 1 1 . 1 . . . 1 . 1 1 Capacitor 338 | . . . . . . . . . . . . . . . . . . . . . . . . . . . . 206 132 Shots Hit Robots 1395 | . 77 61 15 5 34 62 55 16 . 8 73 1 9 6 18 . 27 27 75 62 . 67 24 17 . 53 123 332 148 Core Hits 1134 | . 29 22 10 3 19 36 18 6 . 1 36 . 5 1 5 . 12 11 31 23 . 31 9 4 . 29 43 473 277 Critical Kills 35 | . 2 . 1 . . 2 3 . . . . . . . . . . . 1 . . . . . . . 1 21 4 Critical Parts Destroyed 10 | . 1 . . . . 4 . . . . . . . . . . . . 2 . . . . . . . . 3 . Critical Strikes 84 | . 8 3 1 . . 6 3 . . 2 3 . . 1 1 . 2 1 5 4 . 5 3 1 . 6 1 24 4 Burn 37 | . 5 3 . . . . . . . 2 3 . . 1 1 . 2 1 1 3 . 5 3 1 . 6 . . . Meltdown 29 | . . . 1 . . 1 3 . . . . . . . . . . . . . . . . . . . 1 19 4 Destroy 13 | . 3 . . . . . . . . . . . . . . . . . 4 1 . . . . . . . 5 . Smash 5 | . . . . . . 5 . . . . . . . . . . . . . . . . . . . . . . . Melee Attacks 20 | . . 4 . . 3 13 . . . . . . . . . . . . . . . . . . . . . . . Impact 15 | . . 4 . . . 11 . . . . . . . . . . . . . . . . . . . . . . . Slashing 2 | . . . . . . 2 . . . . . . . . . . . . . . . . . . . . . . . Piercing . | . . . . . . . . . . . . . . . . . . . . . . . . . . . . . . Sneak Attacks 5 | . . . . . 3 2 . . . . . . . . . . . . . . . . . . . . . . . Combat Hostiles . | . . . . . . . . . . . . . . . . . . . . . . . . . . . . . . Follow-up Attacks 1 | . . . . . . 1 . . . . . . . . . . . . . . . . . . . . . . . Damage Inflicted 138020 | . 1051 1009 532 111 1294 2197 1474 585 . 174 1821 29 194 163 535 . 688 841 2160 1692 . 1816 751 492 . 2013 4798 80352 31248 Guns 23198 | . 1030 826 . . . 593 . 168 . 174 1566 . 161 94 343 . 422 253 1843 1692 . 1781 745 492 . 1656 2820 2546 3993 Cannons 30689 | . . 183 532 111 993 1065 1474 417 . . 165 29 33 69 192 . 266 571 257 . . . . . . 43 1978 17957 4354 Explosions 83285 | . . . . . 301 . . . . . . . . . . . . . . . . . . . . 314 . 59798 22872 Melee 514 | . . . . . . 514 . . . . . . . . . . . . . . . . . . . . . . . Ramming 334 | . 21 . . . . 25 . . . . 90 . . . . . . 17 60 . . 35 6 . . . . 51 29 Kinetic 4654 | . 594 158 . . . 593 . . . . . . . . . . . 159 1006 274 . . . . . . . 1692 178 Thermal 48499 | . 436 851 532 111 993 1065 1474 585 . 174 1731 29 194 163 535 . 688 665 1094 1418 . 1781 745 492 . 1699 4798 18184 8062 Explosive 83285 | . . . . . 301 . . . . . . . . . . . . . . . . . . . . 314 . 59798 22872 Electromagnetic 303 | . . . . . . . . . . . . . . . . . . . . . . . . . . . . 303 . Impact 484 | . . . . . . 484 . . . . . . . . . . . . . . . . . . . . . . . Slashing 30 | . . . . . . 30 . . . . . . . . . . . . . . . . . . . . . . . Piercing . | . . . . . . . . . . . . . . . . . . . . . . . . . . . . . . Entropic 431 | . . . . . . . . . . . . . . . . . . . . . . . . . . . . 324 107 Highest Corruption 35 | . 3 . . . 2 5 7 7 . . 1 26 26 26 23 23 23 2 2 10 10 11 . . . 3 26 35 15 Average Corruption 13 | . 2 . . . 1 3 5 6 . . 1 13 26 23 23 23 23 2 1 7 10 10 . . . 2 11 21 6 Corruption Purged 61 | . . . . . . . . 7 . . 1 . . 3 . . . . 2 . . . . . . . . 38 10 Corruption Blocked . | . . . . . . . . . . . . . . . . . . . . . . . . . . . . . . Effects 653 | . 19 . . . 6 24 30 15 . . 3 11 16 25 20 9 32 2 11 34 2 18 . . . 6 64 283 23 Message Errors 154 | . 4 . . . 4 5 6 6 . . 1 3 3 7 1 1 8 . 4 7 . 2 . . . 3 15 67 7 Matter Fused 159 | . 4 . . . 2 4 12 2 . . 1 5 4 6 6 2 5 . 3 10 1 3 . . . 1 16 68 4 Heat Flow Errors 75 | . 6 . . . . . 2 2 . . 1 1 1 4 1 2 5 1 1 3 . 3 . . . . 2 39 1 Energy Discharges 76 | . 2 . . . . 5 2 . . . . . 3 4 3 3 4 . . 5 . 3 . . . 1 13 26 2 Parts Rejected 11 | . . . . . . 2 . . . . . 1 . . . . . . . . . 1 . . . . 1 3 3 Parts Fused 4 | . . . . . . . . . . . . . . . . . . . . 1 . . . . . . . 3 . Data Loss (minor) 79 | . 3 . . . . 3 3 2 . . . . 2 2 2 1 3 1 1 5 . 2 . . . 1 7 37 4 Data Loss (major) 18 | . . . . . . . . 2 . . . . . 1 1 . 1 . 2 . . 2 . . . . 1 8 . Misfires 14 | . . . . . . 2 2 . . . . . 1 1 1 . 3 . . . 1 . . . . . 2 . 1 Alerts 15 | . . . . . . . 1 . . . . . 1 . 2 . . . . 2 . 1 . . . . 1 7 . Misdirections 6 | . . . . . . . . . . . . . . . . . . . . . . . . . . . . 6 . Weapon Failures 42 | . . . . . . 3 2 1 . . . 1 1 . 3 . 3 . . 1 . 1 . . . . 6 19 1 Overload Shots 47 | . . . . . . . . . . . . . . . . . . . . . . . . . . . . 3 44 Effects 4 | . . . . . . . . . . . . . . . . . . . . . . . . . . . . . 4 Energy Bleed 1 | . . . . . . . . . . . . . . . . . . . . . . . . . . . . . 1 Heat Surge 2 | . . . . . . . . . . . . . . . . . . . . . . . . . . . . . 2 Short Circuit 1 | . . . . . . . . . . . . . . . . . . . . . . . . . . . . . 1 Overflow Damage 5465 | . . . 7 . 26 246 22 9 . . 8 . . . . . . 8 . . . . . . . 20 81 3993 1045 Projectiles 1607 | . . . 7 . 26 29 22 9 . . . . . . . . . 8 . . . . . . . . 81 1218 207 Explosions 3633 | . . . . . . . . . . . . . . . . . . . . . . . . . . 20 . 2775 838 Melee 225 | . . . . . . 217 . . . . 8 . . . . . . . . . . . . . . . . . . Knockbacks 5 | . 1 . . . . 1 . . . . 1 . . . . . . . 1 . . . . . . . . 1 . Impact 4 | . 1 . . . . 1 . . . . 1 . . . . . . . 1 . . . . . . . . . . Kinetic 1 | . . . . . . . . . . . . . . . . . . . . . . . . . . . . 1 . Secondary . | . . . . . . . . . . . . . . . . . . . . . . . . . . . . . . Self-Inflicted Damage 1036 | . 7 . . . 35 . . . . . . . . . . . . . . . . . . . . . . 775 219 Shots 18 | . . . . . 1 . . . . . . . . . . . . . . . . . . . . . . 11 6 Rammed 10 | . 1 . . . . . . . . . . . . . . . . . . . . 4 . . . . . . 5 Targets Rammed 32 | . 4 . . . . 5 . . . . 4 . . . . . . 1 4 . . 6 1 . . . . 1 6 Kicked 19 | . 3 . . . . 5 . . . . 4 . . . . . . 1 4 . . . . . . . . 1 1 Crushed 3 | . . . . . . . . . . . . . . . . . . . . . . 2 1 . . . . . . Highest Temperature 406 | . 204 230 166 81 256 247 355 213 . 162 387 177 192 245 406 131 208 226 7 275 . 115 . . . 22 146 195 183 Average Temperature 95 | . 69 74 76 37 84 76 156 54 . 70 122 60 99 95 114 75 99 70 7 185 . 49 . . . 13 95 77 118 Received Heat Transfer 4245 | . 270 132 57 . 784 171 324 81 . 9 186 . 36 9 353 . . 82 164 . . 98 25 4 . 4 40 755 661 Thermoelectric Energy+ 3431 | . . . . . . . . . . . . . . . . . . . . . . . . . . . . 226 3205 Effects 3 | . . . . . 1 . 1 . . . . . . . 1 . . . . . . . . . . . . . . Shutdowns 1 | . . . . . . . 1 . . . . . . . . . . . . . . . . . . . . . . Energy Bleed 1 | . . . . . . . . . . . . . . . 1 . . . . . . . . . . . . . . Interference 1 | . . . . . 1 . . . . . . . . . . . . . . . . . . . . . . . . Siege Activations 16 | . . . . . . . . . . . . . . . . . . . . . . 1 . 1 . 3 9 1 1 Total Turns 284 | . . . . . . . . . . . . . . . . . . . . . . 11 . 18 . 28 147 30 50 Longest Duration 50 | . . . . . . . . . . . . . . . . . . . . . . 11 . 18 . 12 36 30 50 Martial Activations . | . . . . . . . . . . . . . . . . . . . . . . . . . . . . . . Shielding Activations 4 | . . . . . . . . . . . . . . . . . . . . . . . . . . . . 4 . Total Turns 65 | . . . . . . . . . . . . . . . . . . . . . . . . . . . . 65 . Longest Duration 55 | . . . . . . . . . . . . . . . . . . . . . . . . . . . . 55 . Robots Disrupted 1 | . . . . . . . . . . . . . . . . . . . . . . . . . . . . 1 . Combat Hostiles 1 | . . . . . . . . . . . . . . . . . . . . . . . . . . . . 1 . Robots Corrupted 5 | . 1 . . . . 2 . . . . . . . . . . . . 1 . . . . . . . . 1 . Combat Hostiles 2 | . . . . . . 1 . . . . . . . . . . . . . . . . . . . . . 1 . Parts Fried 7 | . 1 . . . . 2 . . . . . . . . . . . . 2 . . . . . . . . 2 . Impact Corruptions 10 | . 1 . . . . 7 . . . . 1 . . . . . . . 1 . . . . . . . . . . Robots Melted 39 | . . 1 1 . . 1 3 . . . . . . 1 1 . 1 . . . . 1 2 2 . 1 1 19 4 Combat Hostiles 37 | . . 1 1 . . . 3 . . . . . . 1 1 . 1 . . . . 1 2 2 . 1 1 18 4 Parts Melted 146 | . 3 4 . . 4 3 4 1 . . 8 . 1 3 2 . 7 3 3 1 . 9 3 9 . 22 13 27 16 Heat Transferred 50755 | . 1665 2183 743 173 878 1248 2072 800 . 444 2997 37 296 322 842 . 1251 929 1792 2091 . 3201 1546 961 . 3248 4280 11307 5449 Parts Sabotaged . | . . . . . . . . . . . . . . . . . . . . . . . . . . . . . . Parts Stolen . | . . . . . . . . . . . . . . . . . . . . . . . . . . . . . . Parts Stripped . | . . . . . . . . . . . . . . . . . . . . . . . . . . . . . . Power Chain Reactions . | . . . . . . . . . . . . . . . . . . . . . . . . . . . . . . Alert | -11 -10 -9 -9 -9 -9 -6 -6 -6 -6 -5 -5 -5 -5 -5 -5 -5 -4 -4 -4 -4 -4 -4 -3 -3 -3 -2 -2 -2 -1 ------- Run | Yrd Mat Mat Sto Rec Scr Fac Low Low Dat Pro Fac Was Fac Upp Upp Zhi Pro Fac Ext Cet Arc Hub Res Arm Lab Res Qua Frg Acc Maximum Alert Level 5 | . . . . . . 1 . . . . . . . . . . . . 1 2 . 2 1 . . 1 . 5 5 Low Security (%) 51 | 100 100 100 100 100 . 99 . . . . 100 100 100 . . . . 100 90 92 100 18 4 100 . 59 100 12 . Level 1 7 | . . . . . . . . . . . . . . . . . . . 9 5 . 65 95 . . 40 . 4 . Level 2 9 | . . . . . . . . . . . . . . . . . . . . 1 . 16 . . . . . 21 . Level 3 2 | . . . . . . . . . . . . . . . . . . . . . . . . . . . . 5 . Level 4 5 | . . . . . . . . . . . . . . . . . . . . . . . . . . . . 12 . Level 5 19 | . . . . . . . . . . . . . . . . . . . . . . . . . . . . 43 4 High Security 3 | . . . . . . . . . . . . . . . . . . . . . . . . . . . . . 95 Max Security . | . . . . . . . . . . . . . . . . . . . . . . . . . . . . . . Peak Influence 12196 | . 183 124 143 120 . 205 . . . . 98 19 54 . . . . 75 241 466 199 623 327 102 . 240 199 12196 11240 Initial 7317 | . . 74 20 40 . . . . . . . 15 . . . . . . 28 119 184 58 322 100 . . 127 90 7317 Average 1148 | . 24 73 50 17 . 93 . . . . 41 4 9 . . . . 23 126 100 184 299 254 46 . 114 64 1737 9315 Influence Increases 24480 | . 466 416 244 217 . 520 90 175 . 165 452 20 63 20 80 . 100 180 791 934 15 871 219 116 . 467 662 12979 4218 Destroy 0b10 Robot/C 12160 | . 280 260 160 60 . 260 80 100 . 140 220 . 20 20 60 . 80 60 440 380 . 400 100 60 . 220 380 6060 2320 Destroy 0b10 Robot/NC 760 | . 10 20 15 . . 50 . 5 . . 40 . 5 . . . . 15 30 10 . 45 20 . . 15 20 330 130 Destroy Leader 1918 | . 52 66 50 . . 76 10 . . 10 70 . 10 . 20 . 20 14 46 40 . 80 32 20 . 52 76 848 326 Allied During Kill 2727 | . . . . . . 2 . 10 . 15 6 . . . . . . . 225 424 . 197 13 3 . . . 1590 242 Successful Hack 223 | . 32 14 . 37 . 20 . . . . 32 . 7 . . . . . 12 . . . 24 . . 18 27 . . Select Force Hacks 210 | . 60 30 . 120 . . . . . . . . . . . . . . . . . . . . . . . . . Disable Machine 1155 | . . 15 15 . . 30 . . . . 30 . 15 . . . . 15 . 15 15 45 30 15 . 15 90 795 15 Destroy Structure 4367 | . 2 11 4 . . 22 . . . . 24 20 6 . . . . 16 38 50 . 14 . 18 . 117 69 3071 885 Partial Spotted 30 | . . . . . . . . . . . 15 . . . . . . . . . . 15 . . . . . . . Lose Combat Pursuer 930 | . 30 . . . . 60 . 60 . . 15 . . . . . . 60 . 15 . 75 . . . 30 . 285 300 Influence Decreases 13245 | . 289 543 189 322 . 404 206 148 27 165 407 65 63 20 80 . 100 121 637 687 306 425 643 305 2 240 728 944 5179 Entered New Map 6247 | . . 103 30 65 . . 44 . 27 . . 30 . . . . . . 31 94 276 111 293 91 2 . 100 71 4879 Time Decay 5819 | . 289 410 159 257 . 334 162 148 . 165 377 35 63 20 80 . 90 91 504 433 30 254 350 194 . 240 501 623 10 Lost Part 582 | . . 30 . . . 10 . . . . 10 . . . . . 10 30 2 . . . . . . . 10 230 250 Lost Ally 480 | . . . . . . 60 . . . . 20 . . . . . . . 100 160 . 60 . 20 . . . 20 40 Purge Threat 117 | . . . . . . . . . . . . . . . . . . . . . . . . . . . 117 . . Squads Dispatched 88 | . 5 4 . . . 6 . . . . 9 . . . . . . 2 . . . 4 4 2 . 2 4 11 35 Investigation 18 | . 3 3 . . . 2 . . . . 4 . . . . . . . . . . . 2 1 . . . 3 . Extermination 15 | . . . . . . 3 . . . . 2 . . . . . . 1 . . . 1 . 1 . 2 4 1 . Reinforcement 22 | . 2 1 . . . 1 . . . . 3 . . . . . . 1 . . . 2 2 . . . . 7 3 Assault 33 | . . . . . . . . . . . . . . . . . . . . . . 1 . . . . . . 32 Garrison . | . . . . . . . . . . . . . . . . . . . . . . . . . . . . . . Intercept . | . . . . . . . . . . . . . . . . . . . . . . . . . . . . . . Searches Triggered . | . . . . . . . . . . . . . . . . . . . . . . . . . . . . . . Unchained Authorized 1 | . . . . . . . . . . . . . . . . . . . . . . . . . . . 1 . . Data Miner Redirects 1 | . . . . . . . . . . . 1 . . . . . . . . . . . . . . . . . . Construction Impeded 1 | . . . . . . . . . . . . . . . . . . . . . . . . . . . . . 1 Haulers Reinforced 6 | . . . . . . . . . . . 1 . . . . . . 1 . . . 2 . . . . . . 2 Active Scanning Responses . | . . . . . . . . . . . . . . . . . . . . . . . . . . . . . . Cargo Convoy Interrupts . | . . . . . . . . . . . . . . . . . . . . . . . . . . . . . . Stealth | -11 -10 -9 -9 -9 -9 -6 -6 -6 -6 -5 -5 -5 -5 -5 -5 -5 -4 -4 -4 -4 -4 -4 -3 -3 -3 -2 -2 -2 -1 --------- Run | Yrd Mat Mat Sto Rec Scr Fac Low Low Dat Pro Fac Was Fac Upp Upp Zhi Pro Fac Ext Cet Arc Hub Res Arm Lab Res Qua Frg Acc Distress Signals 61 | . 4 2 1 . . 1 . . . . . . . . . . . 3 3 3 . 3 5 . . 1 . 31 4 Communications Jammed 120 | . . . . . . . . . . . 9 . 2 . . . . 1 . . . 83 14 . . . 7 4 . Distress Signals 115 | . . . . . . . . . . . 9 . 2 . . . . 1 . . . 78 14 . . . 7 4 . Times Spotted 828 | . 19 18 10 2 23 23 12 10 . 9 21 6 2 1 3 . 4 10 25 22 . 32 14 3 . 15 36 336 172 Peak Tracking Total 19 | . 4 6 5 1 5 4 4 5 . 6 4 5 1 1 1 . 2 6 5 5 . 6 5 2 . 5 3 15 19 Tactical Retreats 33 | . 1 . . . . 2 1 1 . . 1 1 . . . . . 1 . 1 . 3 . . . 2 . 12 7 Traps | -11 -10 -9 -9 -9 -9 -6 -6 -6 -6 -5 -5 -5 -5 -5 -5 -5 -4 -4 -4 -4 -4 -4 -3 -3 -3 -2 -2 -2 -1 ------- Run | Yrd Mat Mat Sto Rec Scr Fac Low Low Dat Pro Fac Was Fac Upp Upp Zhi Pro Fac Ext Cet Arc Hub Res Arm Lab Res Qua Frg Acc Traps Triggered 18 | . 2 1 . . . 1 . . . . 2 . . . . . . . 1 . . 1 1 . . . . 9 . Indirectly . | . . . . . . . . . . . . . . . . . . . . . . . . . . . . . . Trap Hack Attempts . | . . . . . . . . . . . . . . . . . . . . . . . . . . . . . . Triggered . | . . . . . . . . . . . . . . . . . . . . . . . . . . . . . . Disarmed . | . . . . . . . . . . . . . . . . . . . . . . . . . . . . . . Reprogrammed . | . . . . . . . . . . . . . . . . . . . . . . . . . . . . . . Reused . | . . . . . . . . . . . . . . . . . . . . . . . . . . . . . . Traps Extracted . | . . . . . . . . . . . . . . . . . . . . . . . . . . . . . . Installed . | . . . . . . . . . . . . . . . . . . . . . . . . . . . . . . Triggered . | . . . . . . . . . . . . . . . . . . . . . . . . . . . . . . Machines | -11 -10 -9 -9 -9 -9 -6 -6 -6 -6 -5 -5 -5 -5 -5 -5 -5 -4 -4 -4 -4 -4 -4 -3 -3 -3 -2 -2 -2 -1 ---------- Run | Yrd Mat Mat Sto Rec Scr Fac Low Low Dat Pro Fac Was Fac Upp Upp Zhi Pro Fac Ext Cet Arc Hub Res Arm Lab Res Qua Frg Acc Machines Disabled 111 | . . 1 1 . 5 2 . . . . 2 . 1 . . . . 1 2 1 1 3 2 1 9 1 6 71 1 Max in Single Turn 3 | . . 1 1 . 1 1 . . . . 1 . 1 . . . . 1 1 1 1 1 1 . 1 1 1 3 1 Garrison Access 3 | . . . . . . . . . . . 1 . . . . . . 1 . . . . . . . . . 1 . Energy Cycler 1 | . . . . . . . . . . . . . . . . . . . . . . . . . . . . . 1 Machines Repaired . | . . . . . . . . . . . . . . . . . . . . . . . . . . . . . . Machines Dismantled 1 | . . . . . 1 . . . . . . . . . . . . . . . . . . . . . . . . Machines Sabotaged . | . . . . . . . . . . . . . . . . . . . . . . . . . . . . . . Overloaded Fab Kills . | . . . . . . . . . . . . . . . . . . . . . . . . . . . . . . Hacking | -11 -10 -9 -9 -9 -9 -6 -6 -6 -6 -5 -5 -5 -5 -5 -5 -5 -4 -4 -4 -4 -4 -4 -3 -3 -3 -2 -2 -2 -1 --------- Run | Yrd Mat Mat Sto Rec Scr Fac Low Low Dat Pro Fac Was Fac Upp Upp Zhi Pro Fac Ext Cet Arc Hub Res Arm Lab Res Qua Frg Acc Machines Accessed 90 | . 6 5 1 10 2 6 . 1 3 . 11 . 4 . . 4 . 2 5 . . 4 5 3 . 3 9 6 . Terminals 46 | . 4 4 1 6 . 2 . . . . 3 . 3 . . . . 1 5 . . 3 4 2 . 1 5 2 . Fabricators 5 | . . . . . . 2 . . . . 1 . 1 . . . . . . . . . . 1 . . . . . Repair Stations 5 | . . . . . . . . . . . 2 . . . . . . . . . . . . . . 1 2 . . Recycling Units 15 | . 2 1 . 4 . 2 . . . . 3 . . . . . . . . . . . . . . . . 3 . Scanalyzers 3 | . . . . . . . . . . . 1 . . . . . . . . . . . . . . 1 1 . . Garrison Access 6 | . . . . . . . . . . . 1 . . . . . . 1 . . . 1 1 . . . 1 1 . Total Hacks 223 | . 19 10 2 25 5 14 . 1 29 . 15 . 9 . . 17 . 4 10 . . 6 10 5 . 9 24 9 . Successful 124 | . 7 4 1 14 5 7 . 1 29 . 8 . 3 . . 17 . 4 3 . . 1 1 2 . 4 9 4 . Failed 98 | . 12 6 1 11 . 7 . . . . 7 . 6 . . . . . 7 . . 5 9 3 . 5 14 5 . Catastrophic 25 | . 1 1 . . . 2 . . . . 3 . 2 . . . . . 5 . . 2 5 . . 1 2 1 . Database Lockouts 1 | . . . . . . . . . . . . . . . . . . . . . . . . . . . 1 . . Manual 92 | . 18 12 1 25 . 8 . . . . 3 . 4 . . . . . 7 1 . . 3 . . . 5 5 . Terminals 115 | . 17 9 2 20 . 7 . . . . 6 . 7 . . . . 3 10 . . 4 8 3 . 2 14 3 . Fabricators 8 | . . . . . . 3 . . . . 1 . 2 . . . . . . . . . . 2 . . . . . Repair Stations 11 | . . . . . . . . . . . 2 . . . . . . . . . . . . . . 5 4 . . Recycling Units 19 | . 2 1 . 5 . 4 . . . . 3 . . . . . . . . . . . . . . . . 4 . Scanalyzers 8 | . . . . . . . . . . . 2 . . . . . . . . . . . . . . 2 4 . . Garrison Access 10 | . . . . . . . . . . . 1 . . . . . . 1 . . . 2 2 . . . 2 2 . Terminal Hacks 84 | . 4 3 1 3 5 4 . 1 29 . 2 . 2 . . 17 . 3 2 . . 1 1 . . 1 4 1 . Record 15 | . . . . . 4 . . . 6 . . . . . . 5 . . . . . . . . . . . . . Part Schematic 18 | . 1 . . . . . . . 13 . . . . . . 4 . . . . . . . . . . . . . Robot Schematic 7 | . . . . . . . . . 7 . . . . . . . . . . . . . . . . . . . . Robot Analysis 8 | . 1 1 . . . . . . . . . . 1 . . 4 . . 1 . . . . . . . . . . Prototype ID Bank 13 | . . 1 . 3 . 1 . . 3 . . . . . . 4 . . 1 . . . . . . . . . . Open Door 2 | . . . 1 . . . . 1 . . . . . . . . . . . . . . . . . . . . . Branch Access Points 6 | . . 1 . . . 1 . . . . 1 . 1 . . . . . . . . . 1 . . 1 . . . Alert Level 2 | . . . . . . . . . . . . . . . . . . . . . . 1 . . . . 1 . . Unreport Threat 2 | . . . . . . . . . . . . . . . . . . . . . . . . . . . 2 . . Locate Traps 1 | . . . . . . . . . . . . . . . . . . 1 . . . . . . . . . . . Hauler Manifests 2 | . . . . . . 1 . . . . . . . . . . . 1 . . . . . . . . . . . Registered Components 3 | . 1 . . . . 1 . . . . 1 . . . . . . . . . . . . . . . . . . Registered Prototypes 1 | . 1 . . . . . . . . . . . . . . . . . . . . . . . . . . . . Zone Layout 2 | . . . . . . . . . . . . . . . . . . 1 . . . . . . . . 1 . . Proto ID Catalog 2 | . . . . . 1 . . . . . . . . . . . . . . . . . . . . . . 1 . Fabricator Hacks 4 | . . . . . . 1 . . . . . . 1 . . . . . . . . . . 2 . . . . . Load Schematic 2 | . . . . . . . . . . . . . 1 . . . . . . . . . . 1 . . . . . Build 2 | . . . . . . 1 . . . . . . . . . . . . . . . . . 1 . . . . . Repair Station Hacks 5 | . . . . . . . . . . . . . . . . . . . . . . . . . . 2 3 . . Scan Component 4 | . . . . . . . . . . . . . . . . . . . . . . . . . . 2 2 . . Repair 1 | . . . . . . . . . . . . . . . . . . . . . . . . . . . 1 . . Recycling Unit Hacks . | . . . . . . . . . . . . . . . . . . . . . . . . . . . . . . Scanalyzer 5 | . . . . . . . . . . . 2 . . . . . . . . . . . . . . 1 2 . . Insert Component 2 | . . . . . . . . . . . 1 . . . . . . . . . . . . . . 1 . . . Analyze 1 | . . . . . . . . . . . 1 . . . . . . . . . . . . . . . . . . Retrieve Study 2 | . . . . . . . . . . . . . . . . . . . . . . . . . . . 2 . . Garrison Access Hacks 3 | . . . . . . . . . . . 1 . . . . . . 1 . . . . . . . . . 1 . Seal Access 3 | . . . . . . . . . . . 1 . . . . . . 1 . . . . . . . . . 1 . Unauthorized Hacks 23 | . 3 1 . 11 . 2 . . . . 3 . . . . . . . 1 . . . . . . . . 2 . Terminals 9 | . 1 . . 7 . . . . . . . . . . . . . . 1 . . . . . . . . . . Botnet 4 | . 1 . . 2 . . . . . . . . . . . . . . 1 . . . . . . . . . . Skim 5 | . . . . 5 . . . . . . . . . . . . . . . . . . . . . . . . . Fabricators . | . . . . . . . . . . . . . . . . . . . . . . . . . . . . . . Repair Stations . | . . . . . . . . . . . . . . . . . . . . . . . . . . . . . . Recycling Units 14 | . 2 1 . 4 . 2 . . . . 3 . . . . . . . . . . . . . . . . 2 . Tunnel 7 | . 2 1 . 4 . . . . . . . . . . . . . . . . . . . . . . . . . Fedlink 7 | . . . . . . 2 . . . . 3 . . . . . . . . . . . . . . . . 2 . Scanalyzers . | . . . . . . . . . . . . . . . . . . . . . . . . . . . . . . Garrison Access . | . . . . . . . . . . . . . . . . . . . . . . . . . . . . . . Data Cores Recovered 2 | . . . . . . . . . . . 1 . 1 . . . . . . . . . . . . . . . . Used 1 | . . . . . . . . . . . 1 . . . . . . . . . . . . . . . . . . Hacking Detections 63 | . 4 4 1 7 . 4 . . . . 6 . 4 . . . . 1 5 1 . 4 5 3 . 3 8 3 . Full Trace Events 6 | . 1 1 . . . . . . . . 1 . . . . . . . . . . . 1 1 . . . 1 . Feedback Events . | . . . . . . . . . . . . . . . . . . . . . . . . . . . . . . Feedback Blocked . | . . . . . . . . . . . . . . . . . . . . . . . . . . . . . . Robot Schematics Acquired 10 | . . . . . . . . . 7 . . . . . . . . . . . . . . . . . . 3 . Robots Built 3 | . . . . . . 3 . . . . . . . . . . . . . . . . . . . . . . . Authchips . | . . . . . . . . . . . . . . . . . . . . . . . . . . . . . . Time 134 | . . . . . . 134 . . . . . . . . . . . . . . . . . . . . . . . Total Robot Build Rating 12 | . . . . . . 12 . . . . . . . . . . . . . . . . . . . . . . . Part Schematics Acquired 25 | . 1 . . . . . . . 13 . 1 . . . . 4 . . . . . . . . . . . 6 . Parts Built 1 | . . . . . . . . . . . . . . . . . . . . . . . . 1 . . . . . Authchips . | . . . . . . . . . . . . . . . . . . . . . . . . . . . . . . Time 51 | . . . . . . . . . . . . . . . . . . . . . . . . 51 . . . . . Total Part Build Rating 1 | . . . . . . . . . . . . . . . . . . . . . . . . 1 . . . . . Part Studies Acquired 2 | . . . . . . . . . . . . . . . . . . . . . . . . . . . 2 . . Parts Repaired 1 | . . . . . . . . . . . . . . . . . . . . . . . . . . . 1 . . Time 36 | . . . . . . . . . . . . . . . . . . . . . . . . . . . 36 . . Parts Recycled . | . . . . . . . . . . . . . . . . . . . . . . . . . . . . . . Recycled Matter . | . . . . . . . . . . . . . . . . . . . . . . . . . . . . . . Retrieved Matter . | . . . . . . . . . . . . . . . . . . . . . . . . . . . . . . Retrieved Components . | . . . . . . . . . . . . . . . . . . . . . . . . . . . . . . Parts Scanalyzed 1 | . . . . . . . . . . . 1 . . . . . . . . . . . . . . . . . . Part Schematics Acquired 1 | . . . . . . . . . . . 1 . . . . . . . . . . . . . . . . . . Parts Damaged 1 | . . . . . . . . . . . 1 . . . . . . . . . . . . . . . . . . Bothacking | -11 -10 -9 -9 -9 -9 -6 -6 -6 -6 -5 -5 -5 -5 -5 -5 -5 -4 -4 -4 -4 -4 -4 -3 -3 -3 -2 -2 -2 -1 ------------ Run | Yrd Mat Mat Sto Rec Scr Fac Low Low Dat Pro Fac Was Fac Upp Upp Zhi Pro Fac Ext Cet Arc Hub Res Arm Lab Res Qua Frg Acc Used RIF Installer . | . . . . . . . . . . . . . . . . . . . . . . . . . . . . . . Robots Hacked 3 | . . . . . 3 . . . . . . . . . . . . . . . . . . . . . . . . Non-combat 2 | . . . . . 2 . . . . . . . . . . . . . . . . . . . . . . . . Combat 1 | . . . . . 1 . . . . . . . . . . . . . . . . . . . . . . . . Robot Hacks Applied 3 | . . . . . 3 . . . . . . . . . . . . . . . . . . . . . . . . parse_system 3 | . . . . . 3 . . . . . . . . . . . . . . . . . . . . . . . . Relay Couplers Released 6 | . . . . . . . . . . . . . . . . . . . . . . . . . . . 4 2 . Machine Destruction 2 | . . . . . . . . . . . . . . . . . . . . . . . . . . . . 2 . Programmers 4 | . . . . . . . . . . . . . . . . . . . . . . . . . . . 4 . . Fabnet Peak Effective % . | . . . . . . . . . . . . . . . . . . . . . . . . . . . . . . Robots Rewired 14 | . . . . . . . . . . . . . . . . . . . 14 . . . . . . . . . . Allies Hacked 1 | . . . . . . . . . . . . . . . . . . . . 1 . . . . . . . . . Hacks Repelled . | . . . . . . . . . . . . . . . . . . . . . . . . . . . . . . Allies | -11 -10 -9 -9 -9 -9 -6 -6 -6 -6 -5 -5 -5 -5 -5 -5 -5 -4 -4 -4 -4 -4 -4 -3 -3 -3 -2 -2 -2 -1 -------- Run | Yrd Mat Mat Sto Rec Scr Fac Low Low Dat Pro Fac Was Fac Upp Upp Zhi Pro Fac Ext Cet Arc Hub Res Arm Lab Res Qua Frg Acc Total Allies 34 | . . . . . 1 3 1 . . . . . . . . . . . 20 6 . . . . . . . 3 . Largest Group 14 | . . . . . 1 3 1 1 1 1 1 . . . . . . . 14 14 6 5 1 1 . . . 3 2 Highest-Rated Group 834 | . . . . . 68 90 70 70 65 65 53 . . . . . . . 720 834 475 434 108 94 . . . 459 239 Highest-Rated Ally 210 | . . . . . 68 30 70 70 65 65 53 . . . . . . . 159 159 108 108 108 94 . . . 210 161 Total Orders 52 | . . . . . . . . . . . . . . . . . . . 4 4 . 1 . 2 . . . 36 5 STAY 23 | . . . . . . . . . . . . . . . . . . . 1 2 . 1 . 1 . . . 15 3 FOLLOW 20 | . . . . . . . . . . . . . . . . . . . 1 2 . . . 1 . . . 14 2 GUARD 2 | . . . . . . . . . . . . . . . . . . . . . . . . . . . . 2 . AID 7 | . . . . . . . . . . . . . . . . . . . 2 . . . . . . . . 5 . Ally Attacks 512 | . . . . . 11 16 . 13 . 14 6 . . . . . . . 85 105 . 46 13 5 . . . 153 45 Total Damage 30662 | . . . . . 929 223 . 405 . 462 144 . . . . . . . 2120 3536 . 1677 285 181 . . . 17426 3274 Kills 144 | . . . . . 8 . . 4 . 6 2 . . . . . . . 12 18 . 10 . . . . . 65 19 Allies Corrupted 1 | . . . . . . . . . . . . . . . . . . . . . . . . . . . . . 1 Allies Melted 10 | . . . . . 8 . . . . . . . . . . . . . . . . . . . . . . 2 . Intel | -11 -10 -9 -9 -9 -9 -6 -6 -6 -6 -5 -5 -5 -5 -5 -5 -5 -4 -4 -4 -4 -4 -4 -3 -3 -3 -2 -2 -2 -1 ------- Run | Yrd Mat Mat Sto Rec Scr Fac Low Low Dat Pro Fac Was Fac Upp Upp Zhi Pro Fac Ext Cet Arc Hub Res Arm Lab Res Qua Frg Acc Active Infowar (turns) 29099 | . . 891 294 . . 1390 1134 604 119 835 1190 233 334 530 426 215 652 306 1410 1175 61 543 794 466 2804 788 1743 9189 973 Optics 19897 | . . . . . . 678 1134 604 119 835 1190 233 334 530 426 215 652 306 1410 1175 61 543 794 466 2804 788 1743 1884 973 Sensors 13435 | . . . . . . . . . . . 947 233 334 522 344 215 551 306 258 . . . 552 311 2804 591 1453 4014 . A.S.S. 868 | . . . . . . . . . . . . . . . . . . . . . . . . . . . . . 868 Structural 169 | . . . . . . 169 . . . . . . . . . . . . . . . . . . . . . . . Seismic 4676 | . . 891 294 . . 1286 814 453 119 686 133 . . . . . . . . . . . . . . . . . . Cloaking 4549 | . . . . . . . . . . . . . . . . . . . . . . . . . . . . 4124 425 Jamming 13944 | . . . . . . . . . . . 1170 233 334 530 426 215 652 306 1410 798 61 543 794 466 2804 788 1743 671 . Robot Analysis Total 8 | . 1 1 . . . . . . . . . . 1 . . 4 . . 1 . . . . . . . . . . Derelict Logs Recovered 10 | . . . . . . . 2 1 . 1 . . . 3 1 . 2 . . . . . . . . . . . . Drone Launches . | . . . . . . . . . . . . . . . . . . . . . . . . . . . . . . Drone Recoveries . | . . . . . . . . . . . . . . . . . . . . . . . . . . . . . . Exploration | -11 -10 -9 -9 -9 -9 -6 -6 -6 -6 -5 -5 -5 -5 -5 -5 -5 -4 -4 -4 -4 -4 -4 -3 -3 -3 -2 -2 -2 -1 ------------- Run | Yrd Mat Mat Sto Rec Scr Fac Low Low Dat Pro Fac Was Fac Upp Upp Zhi Pro Fac Ext Cet Arc Hub Res Arm Lab Res Qua Frg Acc Turns Passed 38854 | 3 1094 990 419 1429 3697 1408 1134 604 119 835 1190 233 334 530 426 215 652 306 1410 1175 61 543 794 466 2804 788 1743 12479 973 Spaces Moved 19527 | 3 454 401 234 663 2038 846 732 310 84 572 729 141 241 412 324 157 428 195 795 543 28 245 437 223 190 342 813 6644 303 Core 85 | . . . . . . . . . . . . . . . . . . . . . . . . . . . . . 85 Treads 3760 | . 215 207 . 113 1 . . . . . . . . . . . . . . 419 28 245 437 223 190 342 812 528 . Legs 12528 | 3 147 . . . . 846 732 310 84 572 729 140 241 412 324 157 428 195 795 124 . . . . . . . 6094 195 Wheels 3107 | . 92 194 234 550 2037 . . . . . . . . . . . . . . . . . . . . . . . . Hover 17 | . . . . . . . . . . . . . . . . . . . . . . . . . . . . . 17 Flight 3 | . . . . . . . . . . . . . . . . . . . . . . . . . . . . . 3 Fastest Speed 35 | 120 120 145 145 160 130 120 120 120 120 120 120 122 120 120 120 120 120 120 120 120 160 160 160 155 155 155 155 100 35 Average Speed 140 | 120 181 194 157 173 151 127 130 121 120 120 125 122 123 120 120 120 120 120 120 151 160 160 160 156 155 155 155 137 103 Slowest Speed 350 | 120 240 240 160 240 240 182 182 182 120 187 184 122 184 120 120 127 185 120 185 240 160 160 160 160 155 155 232 350 260 Overloaded Moves . | . . . . . . . . . . . . . . . . . . . . . . . . . . . . . . Propulsion Burnouts . | . . . . . . . . . . . . . . . . . . . . . . . . . . . . . . Robots Hopped 1 | . . . . . . . . . . . . . . . . . . . . 1 . . . . . . . . . Potential Cave-ins 9 | . . . . . . . . . . . . . . . . . . . . . . . . . . 4 . 5 . Cave-ins Triggered . | . . . . . . . . . . . . . . . . . . . . . . . . . . . . . . Teleports 30 | . . . . . . . . . . . . 1 . . . . . . . . . . . 1 . . 1 24 3 Exploration Rate (%) 49 | 1 50 50 38 93 83 19 63 48 74 70 21 75 8 66 39 61 65 12 83 70 59 38 13 11 86 10 83 74 7 Regions Visited 29 Branch Regions 19 Pre-discovered Areas 18 | . 2 1 . 5 1 1 1 1 1 . . . . 1 . 3 1 . . . . . . . . . . . . Known Exits Taken 18 | . . 1 . . 1 1 . . . . . . 1 1 1 1 1 1 1 1 1 1 1 1 1 1 1 . . Unknown Exits Taken 9 | 1 1 . 1 1 . . 1 1 1 1 . . . . . . . . . . . . . . . . . 1 . Scrap Searched 17 | . . . . . 6 . 1 2 . 3 . . . 3 1 . 1 . . . . . . . . . . . . Spaces Dug 265 | . . 9 . . . 5 . 1 . 5 4 8 1 . . . 7 1 . . . . . 4 11 32 3 31 143 Terrain Destroyed 3425 | . 1 10 2 . 11 18 9 4 . 17 10 14 3 1 4 . 24 6 5 1 . 2 . 19 25 51 20 2400 768 Melee 4 | . . 4 . . . . . . . . . . . . . . . . . . . . . . . . . . . Projectile 496 | . 1 6 2 . 4 18 9 4 . 17 10 14 3 1 4 . 24 6 5 1 . 2 . 19 25 29 20 232 40 AOE 2925 | . . . . . 7 . . . . . . . . . . . . . . . . . . . . 22 . 2168 728 Terrain Rammed . | . . . . . . . . . . . . . . . . . . . . . . . . . . . . . . Walls Destroyed . | . . . . . . . . . . . . . . . . . . . . . . . . . . . . . . Machines Disabled . | . . . . . . . . . . . . . . . . . . . . . . . . . . . . . . Actions | -11 -10 -9 -9 -9 -9 -6 -6 -6 -6 -5 -5 -5 -5 -5 -5 -5 -4 -4 -4 -4 -4 -4 -3 -3 -3 -2 -2 -2 -1 --------- Run | Yrd Mat Mat Sto Rec Scr Fac Low Low Dat Pro Fac Was Fac Upp Upp Zhi Pro Fac Ext Cet Arc Hub Res Arm Lab Res Qua Frg Acc Total 29087 | 2 615 532 261 934 2578 1082 849 515 102 692 934 185 263 443 343 186 527 242 1178 841 38 318 498 291 2545 498 1136 9612 847 Wait 6086 | . 72 14 3 257 396 97 49 159 19 81 84 28 . 21 4 . 60 12 99 171 5 21 12 17 2252 47 166 1721 219 Move 19498 | 2 453 400 233 662 2037 845 731 309 83 571 729 140 240 411 323 156 427 195 794 540 27 244 436 222 189 341 812 6643 303 Hop 1 | . . . . . . . . . . . . . . . . . . . . 1 . . . . . . . . . Pick Up 440 | . 16 24 3 2 37 16 10 8 . 3 14 . 4 2 . 4 . 4 9 17 . 3 8 3 4 7 13 211 18 Fast Attach 204 | . 4 1 2 2 8 14 4 4 . 2 7 1 1 1 1 11 2 4 16 16 . 2 5 1 2 5 11 65 12 Attach 141 | . . 6 . . 6 7 3 1 . . 4 . 1 . . 1 2 4 1 1 . . 4 1 . 3 3 61 32 Detach 84 | . 3 2 . . 2 4 1 1 . . 3 . 1 . . 1 1 3 1 3 . . . . . 1 3 39 15 Swap 388 | . 4 19 4 3 11 13 9 8 . 7 24 1 7 3 4 . 4 . 11 17 . 1 7 9 3 20 35 137 27 Drop 533 | . 5 23 6 5 41 25 13 11 . 6 19 . 3 2 1 13 1 3 29 40 . 5 10 2 3 10 19 215 23 Fire 1462 | . 54 39 10 3 25 45 29 14 . 22 46 15 6 3 10 . 30 17 37 35 6 36 15 36 92 64 74 514 185 Melee 18 | . . 4 . . 3 11 . . . . . . . . . . . . . . . . . . . . . . . Ram 6 | . 1 . . . . . . . . . . . . . . . . . . . . . . . . . . . 5 Kick 18 | . 3 . . . . 5 . . . . 4 . . . . . . . 4 . . . . . . . . 1 1 Crush 7 | . . . . . . . . . . . . . . . . . . . . . . 6 1 . . . . . . Escape Stasis 12 | . . . . . . . . . . . . . . . . . . . . . . . . . . . . 5 7 Rewire 177 | . . . . . . . . . . . . . . . . . . . 177 . . . . . . . . . . Trap . | . . . . . . . . . . . . . . . . . . . . . . . . . . . . . . Miscellaneous 12 | . . . . . 12 . . . . . . . . . . . . . . . . . . . . . . . . Route ------- -11/Scrapyard -10/Materials (discovered 3 exits: *Mat / [*Min] / [*Sub]) -9/Materials (discovered 3 exits: Min x2 / *Sto) -9/Storage -9/Recycling (discovered 2 exits: [*Fac] / *Scr) -9/Scraptown (discovered 2 exits: *Fac x2) -6/Factory (discovered 2 exits: *Low x2) -6/Lower Caves -6/Lower Caves -6/Data Miner -5/Proximity Caves -5/Factory (discovered 2 exits: Upp x2) -5/Waste -5/Factory (discovered 2 exits: *Upp x2) -5/Upper Caves -5/Upper Caves -5/Zhirov -4/Proximity Caves -4/Factory (discovered 2 exits: Upp / *Ext) -4/Extension (discovered 2 exits: *Res / *Cet) -4/Cetus (discovered 2 exits: *Res / *Arc) -4/Archives -4/Hub_04(d) (discovered 2 exits: *Res x2) -3/Research (discovered 3 exits: *Arm / Tes x2) -3/Armory -3/Lab -2/Research (discovered 2 exits: *Qua x2) -2/Quarantine (discovered 3 exits: [*Acc] / [*Sec] / *Frg) -2/Protoforge -1/Access History --------- Turn | Location | Event 1 | -11/Scrapyard | Discovered new exit (range 3) 4 | -11/Scrapyard | Entered Materials 255 | -10/Materials | Discovered new exit (range 13) 305 | -10/Materials | Build established: Mutant 580 | -10/Materials | Discovered new exit (range 7) 604 | -10/Materials | Derelicts attacked the area 890 | -10/Materials | Discovered new exit (range 7) 1098 | -10/Materials | Entered another Materials area 1098 | -9/Materials | Evolved 2 slots: Utility x1, Weapon x1 1531 | -9/Materials | Build established: Scavenger-Gunner 1746 | -9/Materials | Identified exit to Mines 1746 | -9/Materials | Identified exit to Storage 2088 | -9/Materials | Entered Storage 2501 | -9/Storage | Used back door to open Recycling access 2501 | -9/Storage | Discovered new exit (range 5) 2507 | -9/Storage | Entered Recycling 3022 | -9/Recycling | Discovered new exit (range 16) 3051 | -9/Recycling | Learned location of 1 exit from Storage 3091 | -9/Recycling | Learned 4 Materials zone layouts 3123 | -9/Recycling | Learned 2 Storage zone layouts 3146 | -9/Recycling | Learned location of 2 exits from Materials 3166 | -9/Recycling | Learned Materials security intel 3183 | -9/Recycling | Learned Materials security intel 3247 | -9/Recycling | Learned 2 Storage zone layouts 3890 | -9/Recycling | Scanned before Scraplab entrance 3918 | -9/Recycling | Entered Scraplab 3933 | -9/Recycling | Discovered new exit (range 3) 3936 | -9/Recycling | Entered Scraptown 4216 | -9/Scraptown | Discovered new exit (range 11) 4289 | -9/Scraptown | Build established: Gunner 4342 | -9/Scraptown | Visited Shadow of the Wyrm 4493 | -9/Scraptown | Visited UFD Registry 4493 | -9/Scraptown | Registered with UFD as "Softbay" 4535 | -9/Scraptown | Visited Observation Area 4602 | -9/Scraptown | Visited Science Guys 4655 | -9/Scraptown | Visited Scrapoid Pod Storage 4680 | -9/Scraptown | Visited Junk Cannon Lab 4708 | -9/Scraptown | Visited Scrap Suit Storage 4754 | -9/Scraptown | Visited Abandonware Association 4771 | -9/Scraptown | Learned abandonware demo "TRNCOAT.EXE" 4771 | -9/Scraptown | Learned abandonware demo "KABOOM.EXE" 4807 | -9/Scraptown | Visited Botcube Research 4835 | -9/Scraptown | Visited Curators Association 4972 | -9/Scraptown | Visited DA-N13 Charitable Foundation 4979 | -9/Scraptown | Found DCF Scrap (27 items) 5375 | -9/Scraptown | Build established: Scavenger-Gunner 5388 | -9/Scraptown | Found Lrg. Botcube 5440 | -9/Scraptown | Found Scrap Suit 5579 | -9/Scraptown | Visited TADAMA 6062 | -9/Scraptown | Visited Supply Room 6107 | -9/Scraptown | Build established: Gunner 6182 | -9/Scraptown | Lrg. Botcube activated 6218 | -9/Scraptown | Lrg. Botcube completed mutation into treaded form, armed with 2 cannons, 2 launchers. 6285 | -9/Scraptown | Attached CPS modules to *Hunter Slayer. 6668 | -9/Scraptown | Build established: Mutant 6752 | -9/Scraptown | Met Optimus 6752 | -9/Scraptown | Accepted into 0bPrime 7029 | -9/Scraptown | Build established: Gunner 7152 | -9/Scraptown | Civil war broke out across Scraptown 7158 | -9/Scraptown | Found Personal Teleporter v0.10 7226 | -9/Scraptown | Identified exit to Factory 7239 | -9/Scraptown | Core integrity fell below 50% 7320 | -9/Scraptown | Lost 4 parts (1p1n1u1w) 7334 | -9/Scraptown | Lost 11 allies 7365 | -9/Scraptown | Found Botcube 7367 | -9/Scraptown | Found Botcube 7373 | -9/Scraptown | Found Lrg. Botcube 7379 | -9/Scraptown | Found Lrg. Botcube 7436 | -9/Scraptown | Found Potential Leg 7533 | -9/Scraptown | Lost 3 allies 7562 | -9/Scraptown | Core integrity fell below 20% 7633 | -9/Scraptown | Lost 5 allies 7633 | -9/Scraptown | Entered Factory 7633 | -6/Factory | Evolved 6 slots: Power x1, Propulsion x2, Utility x3 7910 | -6/Factory | Build established: Scavenger-Gunner 7914 | -6/Factory | Loaded intel: 8 recycling unit locations 8306 | -6/Factory | Identified exit to Lower Caves 8445 | -6/Factory | Fabricated L-41 Fighter? 8749 | -6/Factory | Build established: Scavenger-Tank 8849 | -6/Factory | Learned location of Protoforge (-2) 9000 | -6/Factory | Allied Derelicts emerged from ambush trap array 9041 | -6/Factory | Entered Lower Caves 9163 | -6/Lower Caves | Attracted the attention of an 0b10 checkpoint 9479 | -6/Lower Caves | Discovered new exit (range 19) 9565 | -6/Lower Caves | Build established: Tank 9737 | -6/Lower Caves | Attacked by a faux Warlord 10089 | -6/Lower Caves | Botcube activated 10113 | -6/Lower Caves | Botcube completed mutation into legged form, armed with 2 cannons. 10175 | -6/Lower Caves | Entered another Lower Caves area 10175 | -6/Lower Caves | Accompanied by 1 ally 10194 | -6/Lower Caves | Attached CPS modules to Mutated Botcube. 10312 | -6/Lower Caves | Build established: Scavenger-Tank 10585 | -6/Lower Caves | Found Imp. Powered Armor 10716 | -6/Lower Caves | Discovered new exit (range 7) 10779 | -6/Lower Caves | Entered Data Miner 10779 | -6/Data Miner | Accompanied by 1 ally 10779 | -6/Data Miner | Discovered new exit (range 6) 10795 | -6/Data Miner | Met Data Miner 10832 | -6/Data Miner | Learned location of Section 7 (-2) 10832 | -6/Data Miner | Acquired the access code to Warlord's prototype stash 10843 | -6/Data Miner | Received God Mode back door access code from Data Miner 10898 | -6/Data Miner | Entered Proximity Caves 10898 | -5/Proximity Caves | Accompanied by 1 ally 11004 | -5/Proximity Caves | Attracted the attention of an 0b10 checkpoint 11625 | -5/Proximity Caves | Learned 4 Factory zone layouts 11692 | -5/Proximity Caves | Discovered new exit (range 4) 11733 | -5/Proximity Caves | Entered Factory 11733 | -5/Factory | Accompanied by 1 ally 11733 | -5/Factory | Evolved 2 slots: Utility x2 12142 | -5/Factory | Found Botcube 12251 | -5/Factory | Loaded intel: 8 recycling unit locations 12263 | -5/Factory | Build established: Skirmisher 12600 | -5/Factory | Identified exit to Upper Caves 12880 | -5/Factory | Incoming investigation squad redirected 12923 | -5/Factory | Sucked down chute 12923 | -5/Factory | Entered Waste 12931 | -5/Waste | Spotted C-40 Crusher 12938 | -5/Waste | EMP discharged 12995 | -5/Waste | Spotted C-40 Crusher 13006 | -5/Waste | Spotted C-40 Crusher 13038 | -5/Waste | EMP discharged 13038 | -5/Waste | System corruption reached 10% 13085 | -5/Waste | Spotted C-40 Crusher 13087 | -5/Waste | Spotted C-40 Crusher 13087 | -5/Waste | Spotted C-40 Crusher 13138 | -5/Waste | EMP discharged 13140 | -5/Waste | Discovered new exit (range 14) 13155 | -5/Waste | Identified exit to Factory 13156 | -5/Waste | Entered Factory 13490 | -5/Factory | Entered Upper Caves 13627 | -5/Upper Caves | Attracted the attention of an 0b10 checkpoint 13718 | -5/Upper Caves | Identified exit to Upper Caves 13907 | -5/Upper Caves | Encountered a Warlord checkpoint 14020 | -5/Upper Caves | Entered another Upper Caves area 14079 | -5/Upper Caves | Attracted the attention of an 0b10 checkpoint 14156 | -5/Upper Caves | Learned Factory terminal intel 14354 | -5/Upper Caves | Spotted B-75 Beast 14375 | -5/Upper Caves | Destroyed B-75 Beast 14427 | -5/Upper Caves | Discovered new exit (range 12) 14445 | -5/Upper Caves | Identified exit to Zhirov 14446 | -5/Upper Caves | Entered Zhirov 14446 | -5/Zhirov | Discovered new exit (range 3) 14501 | -5/Zhirov | Found Alien Artifact 14501 | -5/Zhirov | Identified Integrated Dissipator 14501 | -5/Zhirov | Installed Integrated Dissipator, increased core heat dissipation (+20) 14519 | -5/Zhirov | Found Alien Artifact 14611 | -5/Zhirov | Learned location of Quarantine (-2) 14659 | -5/Zhirov | Identified exit to Proximity Caves 14661 | -5/Zhirov | Entered Proximity Caves 15022 | -4/Proximity Caves | Spotted B-86 Titan 15202 | -4/Proximity Caves | Learned 8 Research zone layouts 15292 | -4/Proximity Caves | Discovered new exit (range 17) 15310 | -4/Proximity Caves | Identified exit to Factory 15313 | -4/Proximity Caves | Entered Factory 15313 | -4/Factory | Evolved 2 slots: Utility x2 15314 | -4/Factory | Identified exit to Upper Caves 15314 | -4/Factory | Identified exit to Extension 15315 | -4/Factory | Loaded intel: 27 terminal locations 15551 | -4/Factory | Found Prototype Processor 15553 | -4/Factory | Found Prototype Processor 15577 | -4/Factory | Spotted B-86 Titan 15619 | -4/Factory | Entered Extension 15872 | -4/Extension | Rescued a captive Derelict 16375 | -4/Extension | Build established: Commander-Tank 16427 | -4/Extension | Spotted B-86 Titan 16453 | -4/Extension | Destroyed B-86 Titan 16454 | -4/Extension | Spotted B-86 Titan 16467 | -4/Extension | Destroyed B-86 Titan 16501 | -4/Extension | Lost 5 allies 16625 | -4/Extension | Rescued a captive Derelict 16626 | -4/Extension | Rescued a captive Derelict 16640 | -4/Extension | Rescued a captive Derelict 16715 | -4/Extension | Rescued a captive Derelict 16807 | -4/Extension | Rescued A7 16969 | -4/Extension | Discovered new exit (range 10) 16971 | -4/Extension | Discovered new exit (range 6) 16988 | -4/Extension | Identified exit to Cetus 17029 | -4/Extension | Entered Cetus 17029 | -4/Cetus | Accompanied by 14 allies (A7) 17034 | -4/Cetus | Acquired a Cetus Manufacturing Module code from A7 17044 | -4/Cetus | Spotted Cetus Guard 17049 | -4/Cetus | Spotted Cetus Guard 17049 | -4/Cetus | Spotted Cetus Guard 17056 | -4/Cetus | Spotted Cetus Guard 17056 | -4/Cetus | Allies destroyed Cetus Guard 17059 | -4/Cetus | Allies destroyed Cetus Guard 17061 | -4/Cetus | Allies destroyed Cetus Guard 17082 | -4/Cetus | Allies destroyed Cetus Guard 17108 | -4/Cetus | Lost 8 allies 17168 | -4/Cetus | Started Cetus Manufacturing Module 17175 | -4/Cetus | Discovered new exit (range 22) 17193 | -4/Cetus | Manufactured an Enhanced Grunt 17218 | -4/Cetus | Manufactured an Enhanced Grunt 17243 | -4/Cetus | Manufactured an Enhanced Grunt 17268 | -4/Cetus | Manufactured an Enhanced Grunt 17293 | -4/Cetus | Manufactured an Enhanced Grunt 17323 | -4/Cetus | Spotted Cetus Guard 17324 | -4/Cetus | Spotted Cetus Guard 17326 | -4/Cetus | Spotted Cetus Guard 17333 | -4/Cetus | Allies destroyed Cetus Guard 17339 | -4/Cetus | Build established: Scavenger-Tank 17344 | -4/Cetus | Spotted Cetus Guard 17344 | -4/Cetus | Allies destroyed Cetus Guard 17351 | -4/Cetus | Allies destroyed Cetus Guard 17356 | -4/Cetus | Allies destroyed Cetus Guard 17357 | -4/Cetus | Discovered new exit (range 22) 17381 | -4/Cetus | Met Revision 17 17390 | -4/Cetus | System corruption reached 10% 17433 | -4/Cetus | Identified Exp. Terrain Scan Processor (x2) 17573 | -4/Cetus | Attached CPS modules to A7. 17637 | -4/Cetus | Murdered A7 17642 | -4/Cetus | Extracted ID and sensor layout for unrecognized location from A7's data core 17654 | -4/Cetus | Found Prototype Protection 17654 | -4/Cetus | Identified Med. Regenerative Plating 17779 | -4/Cetus | Security sweep announced 18024 | -4/Cetus | Botcube activated 18046 | -4/Cetus | Botcube completed mutation into treaded form, armed with 2 guns. 18199 | -4/Cetus | Identified exit to Archives 18204 | -4/Cetus | Entered Archives 18204 | -4/Archives | Accompanied by 6 allies 18231 | -4/Archives | Met Zhirov 18237 | -4/Archives | Reinforcements dispatched to Archives 18239 | -4/Archives | Discovered new exit (range 13) 18256 | -4/Archives | Identified exit to Hub_04(d) 18265 | -4/Archives | Entered Hub_04(d) 18265 | -4/Hub_04(d) | Accompanied by 5 allies 18293 | -4/Hub_04(d) | Discovered new exit (range 22) 18542 | -4/Hub_04(d) | Spotted B-86 Titan 18554 | -4/Hub_04(d) | Destroyed B-86 Titan 18598 | -4/Hub_04(d) | Lost 3 allies 18765 | -4/Hub_04(d) | First assault squad dispatched 18772 | -4/Hub_04(d) | Discovered new exit (range 13) 18798 | -4/Hub_04(d) | Identified exit to Research 18808 | -4/Hub_04(d) | Entered Research 18808 | -3/Research | Accompanied by 1 ally 18808 | -3/Research | Evolved 2 slots: Propulsion x2 18977 | -3/Research | Spotted B-86 Titan 19008 | -3/Research | Revision forces began assault on 0b10 19072 | -3/Research | Met up with Revision 17++ 19109 | -3/Research | Destroyed B-86 Titan 19154 | -3/Research | Build established: Scavenger-Skirmisher 19346 | -3/Research | Identified exit to Armory 19346 | -3/Research | Identified exit to Testing 19480 | -3/Research | Build established: Scavenger-Tank 19508 | -3/Research | Research terminal network offline 19602 | -3/Research | Entered Armory 19602 | -3/Armory | Accompanied by 1 ally 19787 | -3/Armory | Fabricated Huge Storage Unit (x1) 19933 | -3/Armory | Found Botcube 19970 | -3/Armory | Spotted B-86 Titan 20065 | -3/Armory | Identified Transdimensional Reconstructor 20065 | -3/Armory | Warped through subspace to slip node 20065 | -3/Armory | Discovered new exit (range 1) 20065 | -3/Armory | Identified exit to Lab 20068 | -3/Armory | Entered Lab 20068 | -3/Lab | Discovered new exit (range 9) 20079 | -3/Lab | Identified exit to Research 20086 | -3/Lab | Hidden lab's door opened automatically 20086 | -3/Lab | Sensor layout match revealed 20087 | -3/Lab | Gained access to the hidden lab's interior 20221 | -3/Lab | Build established: Scavenger-Skirmisher 20531 | -3/Lab | Found Transdimensional Reconstructor 20548 | -3/Lab | Found Integrated Dissipator 20548 | -3/Lab | Installed Integrated Dissipator, increased core heat dissipation (+20) 20576 | -3/Lab | Found Alien Artifact 22564 | -3/Lab | Found Prototype Protection 22565 | -3/Lab | Identified Exp. Powered Armor 22571 | -3/Lab | Found Prototype Hackware 22872 | -3/Lab | Entered Research 22872 | -2/Research | Evolved 2 slots: Power x1, Utility x1 22876 | -2/Research | Identified Deep Network Scanner 23324 | -2/Research | Identified exit to Quarantine 23606 | -2/Research | Identified Core Regenerator 23660 | -2/Research | Entered Quarantine 23755 | -2/Quarantine | Build established: Hacker-Tank 23771 | -2/Quarantine | Central database locked down 23815 | -2/Quarantine | Unchained authorized (6S-H0T) 23918 | -2/Quarantine | Cryocooling Duct disabled 23933 | -2/Quarantine | Ambient heat levels rising (+20) 23933 | -2/Quarantine | Non-combat units ordered to evacuate 24132 | -2/Quarantine | Found Prototype Processor 24132 | -2/Quarantine | Identified Exp. Core Analyzer 24559 | -2/Quarantine | Found Alien Artifact 24569 | -2/Quarantine | Found Alien Artifact 24584 | -2/Quarantine | Found Alien Artifact 24630 | -2/Quarantine | System corruption reached 10% 24829 | -2/Quarantine | Discovered new exit (range 10) 24881 | -2/Quarantine | Found Alien Artifact 25091 | -2/Quarantine | Repaired Centrium Heavy Treads 25397 | -2/Quarantine | Discovered new exit (range 5) 25397 | -2/Quarantine | Discovered new exit (range 6) 25401 | -2/Quarantine | Identified exit to Protoforge 25403 | -2/Quarantine | Entered Protoforge 25646 | -2/Protoforge | Discovered new exit (range 22) 25646 | -2/Protoforge | Spotted Hotshot 25646 | -2/Protoforge | Spotted Hotshot 25646 | -2/Protoforge | Spotted Hotshot 25737 | -2/Protoforge | Build established: Scavenger-Tank 25770 | -2/Protoforge | Spotted Hotshot 25771 | -2/Protoforge | Spotted Hotshot 25773 | -2/Protoforge | Spotted Hotshot 25893 | -2/Protoforge | Spotted AP7-3 25893 | -2/Protoforge | Spotted AP7-3 25894 | -2/Protoforge | Identified Hpw. Transdimensional Reconstructor (x2) 25894 | -2/Protoforge | Warped through subspace 25923 | -2/Protoforge | Spotted EXE-6 25923 | -2/Protoforge | Spotted EXE-6 25961 | -2/Protoforge | UFD initiated attack on Protoforge (Readiness: %1) 25961 | -2/Protoforge | Loaded intel: 3 recycling unit locations 25975 | -2/Protoforge | Superfortress began startup sequence 25997 | -2/Protoforge | Optimus greeted in Protoforge 26032 | -2/Protoforge | Found Exp. Core Analyzer 26096 | -2/Protoforge | Identified Dimensional Node Initializer 26101 | -2/Protoforge | Found Dimensional Node Initializer 26103 | -2/Protoforge | Initialized slip node 26111 | -2/Protoforge | Identified Subatomic Replicator 26111 | -2/Protoforge | Used Subatomic Replicator to create Alien Artifact 26172 | -2/Protoforge | Lost 11 allies 26181 | -2/Protoforge | Identified Supercharged TR 26181 | -2/Protoforge | Warped through subspace to slip node 26182 | -2/Protoforge | Optimus attacked Superfortress 26185 | -2/Protoforge | Spotted Immortal 26188 | -2/Protoforge | Spotted Executioner 26190 | -2/Protoforge | Spotted Hotshot 26194 | -2/Protoforge | Spotted Executioner 26196 | -2/Protoforge | Destroyed Immortal 26211 | -2/Protoforge | Spotted Decapitator 26211 | -2/Protoforge | Destroyed Executioner 26219 | -2/Protoforge | Spotted Executioner 26231 | -2/Protoforge | Spotted Striker 26243 | -2/Protoforge | Lost 3 parts (1p1n1w) 26251 | -2/Protoforge | Lost 20 allies 26262 | -2/Protoforge | Spotted Immortal 26269 | -2/Protoforge | Spotted Immortal 26269 | -2/Protoforge | Spotted Immortal 26274 | -2/Protoforge | Spotted Striker 26276 | -2/Protoforge | Spotted Striker 26280 | -2/Protoforge | Spotted V292-h 26280 | -2/Protoforge | Spotted V326-y 26297 | -2/Protoforge | Spotted Decapitator 26297 | -2/Protoforge | Spotted Decapitator 26300 | -2/Protoforge | Destroyed Decapitator 26300 | -2/Protoforge | Destroyed Decapitator 26345 | -2/Protoforge | Found Prototype Device 26345 | -2/Protoforge | Identified Exp. EM Disruption Field 26353 | -2/Protoforge | Lost 5 parts (1p1n2u1w) 26355 | -2/Protoforge | Found Prototype Protection 26355 | -2/Protoforge | Identified Cep. RG22 Armor 26377 | -2/Protoforge | Found Cep. RG22 Armor 26387 | -2/Protoforge | Found Prototype Device 26387 | -2/Protoforge | Identified Cep. Hardlight Director 26392 | -2/Protoforge | Found Prototype Device 26392 | -2/Protoforge | Identified Cep. Energy Mantle 26397 | -2/Protoforge | Found Exp. EM Disruption Field 26404 | -2/Protoforge | Found Prototype Protection 26408 | -2/Protoforge | Found Exp. EM Disruption Field 26416 | -2/Protoforge | Found Prototype Protection 26501 | -2/Protoforge | Found Prototype Device 26506 | -2/Protoforge | Found Prototype Device 26508 | -2/Protoforge | Found Prototype Processor 26511 | -2/Protoforge | Found Prototype Device 26513 | -2/Protoforge | Found Prototype Processor 26593 | -2/Protoforge | Build established: Scavenger-Mutant 26615 | -2/Protoforge | Spotted Hotshot 26645 | -2/Protoforge | Found Prototype Ballistic Gun 26649 | -2/Protoforge | Found Prototype Energy Cannon 26727 | -2/Protoforge | Identified Cep. Plasma Driver 26735 | -2/Protoforge | Found Prototype Energy Gun 26739 | -2/Protoforge | Found Prototype Energy Gun 26743 | -2/Protoforge | Found Prototype Energy Gun 26746 | -2/Protoforge | Spotted Hotshot 26748 | -2/Protoforge | Destroyed Hotshot 26771 | -2/Protoforge | Destroyed Hotshot 26864 | -2/Protoforge | Found Cep. Plasma Driver 26947 | -2/Protoforge | Found Prototype Ballistic Cannon 26947 | -2/Protoforge | Identified Cep. Helical Railcannon 26974 | -2/Protoforge | Identified Exp. Force Field 26975 | -2/Protoforge | Identified Cep. Reaction Jets 26977 | -2/Protoforge | Identified Exp. Remote Shield 26980 | -2/Protoforge | Identified Cep. Projectile Intercept Suite (x2) 26984 | -2/Protoforge | Found Prototype Ballistic Gun 26989 | -2/Protoforge | Found Prototype Ballistic Gun 27114 | -2/Protoforge | Identified Cep. Variable Chargecaster 27271 | -2/Protoforge | Build established: Scavenger-Skirmisher 27399 | -2/Protoforge | Core integrity fell below 50% 27623 | -2/Protoforge | System corruption reached 30% 27876 | -2/Protoforge | Identified Cep. XC Strikerail (x3) 27876 | -2/Protoforge | Identified Cep. Lightning Penetrator 27876 | -2/Protoforge | Forge Plexus network access discovered 27887 | -2/Protoforge | Found Crosscalibrator 27900 | -2/Protoforge | Identified Cep. Disintegration Ray 28020 | -2/Protoforge | Found Cep. Zero-point Core 28024 | -2/Protoforge | Found Cep. Zero-point Core 28106 | -2/Protoforge | Spotted Immortal 28132 | -2/Protoforge | Destroyed Immortal 28141 | -2/Protoforge | Spotted Decapitator 28141 | -2/Protoforge | Spotted Decapitator 28141 | -2/Protoforge | Spotted Decapitator 28141 | -2/Protoforge | Spotted Decapitator 28144 | -2/Protoforge | Destroyed Decapitator 28147 | -2/Protoforge | Destroyed Decapitator 28157 | -2/Protoforge | Destroyed Decapitator 28159 | -2/Protoforge | Used Core Regenerator, restored core integrity (+362) 28178 | -2/Protoforge | Lost 3 parts (1n2u) 28254 | -2/Protoforge | Found Cep. Fieldthrust Drive 28347 | -2/Protoforge | Found Faulty Cep. Fieldthrust Drive 28394 | -2/Protoforge | Build established: Hacker-Skirmisher 28429 | -2/Protoforge | Found Faulty Cep. Gyrokinetic System 28438 | -2/Protoforge | Found Faulty Cep. Combat Aerolev Unit 29034 | -2/Protoforge | Found Faulty Cep. Helical Railcannon 29037 | -2/Protoforge | Found Faulty Cep. Helical Railcannon 29065 | -2/Protoforge | Found Cep. Helical Railcannon 29099 | -2/Protoforge | Found Cep. XC Strikerail 29104 | -2/Protoforge | Found Faulty Cep. Variable Chargecaster 29123 | -2/Protoforge | Found Faulty Cep. Lightning Penetrator 29449 | -2/Protoforge | Build established: Hacker-Tank 29631 | -2/Protoforge | Lrg. Botcube activated 29663 | -2/Protoforge | Lrg. Botcube completed mutation into treaded form, armed with 4 guns. 29861 | -2/Protoforge | Found Faulty Cep. Rapid Grenade Launcher 29873 | -2/Protoforge | Build established: Hacker-Skirmisher 29911 | -2/Protoforge | Found Faulty Cep. Rapid Grenade Launcher 29920 | -2/Protoforge | Found Cep. Tactical Fusion Warhead 30125 | -2/Protoforge | Attached CPS modules to *First Of The Forge. 30156 | -2/Protoforge | Spotted Striker 30156 | -2/Protoforge | Spotted Striker 30169 | -2/Protoforge | Destroyed Striker 30173 | -2/Protoforge | Destroyed Striker 30204 | -2/Protoforge | Found Exp. System Purifier 30208 | -2/Protoforge | Found Exp. System Purifier 30211 | -2/Protoforge | Found Exp. System Purifier 30306 | -2/Protoforge | Spotted Striker 30311 | -2/Protoforge | Allies destroyed Striker 30453 | -2/Protoforge | Build established: Hacker-Tank 30604 | -2/Protoforge | Found Exp. EM Shield 30770 | -2/Protoforge | Spotted Striker 30788 | -2/Protoforge | Spotted Striker 30806 | -2/Protoforge | Destroyed Striker 30812 | -2/Protoforge | Destroyed Striker 31082 | -2/Protoforge | Found Cep. XC Strikerail 31728 | -2/Protoforge | Spotted V932-v 31728 | -2/Protoforge | Spotted V792-c 31738 | -2/Protoforge | Spotted Immortal 31760 | -2/Protoforge | Destroyed Immortal 31771 | -2/Protoforge | Spotted V585-r 31812 | -2/Protoforge | Found Cep. Antigrav Storage Unit 31815 | -2/Protoforge | Found Cep. Matter Streamer 31817 | -2/Protoforge | Found Cep. NT7 Matterbank 31820 | -2/Protoforge | Found Cep. NT7 Matterbank 31823 | -2/Protoforge | Found Faulty Cep. Matter Streamer 31915 | -2/Protoforge | Spotted AP7-3 31915 | -2/Protoforge | Spotted AP7-3 31922 | -2/Protoforge | Destroyed AP7-3 31931 | -2/Protoforge | Destroyed AP7-3 31965 | -2/Protoforge | Found Cep. Core Analysis Suite 31970 | -2/Protoforge | Found Faulty Cep. Thermoelectric Network 31973 | -2/Protoforge | Found Faulty Cep. Thermoelectric Network 31980 | -2/Protoforge | Found Cep. Cloak Mesh 31983 | -2/Protoforge | Found Faulty Cep. Cloak Mesh 31988 | -2/Protoforge | Found Faulty Cep. Thermoelectric Network 32159 | -2/Protoforge | Found Cep. Variable Chargecaster 32236 | -2/Protoforge | Spotted Decapitator 32240 | -2/Protoforge | Destroyed Decapitator 32271 | -2/Protoforge | Scanned by Researcher 32293 | -2/Protoforge | Found Cep. Networked Targeting System 32311 | -2/Protoforge | Spotted V192-u 32324 | -2/Protoforge | Destroyed V192-u 32337 | -2/Protoforge | Found Faulty Mni. Quantum Capacitor 32340 | -2/Protoforge | Found Faulty Mni. Quantum Capacitor 32399 | -2/Protoforge | Build established: Tank 32485 | -2/Protoforge | Found Faulty Cep. Countertargeting System 32531 | -2/Protoforge | Found Faulty Cep. Hypertargeting System 32535 | -2/Protoforge | Found Faulty Cep. Hypertargeting System 33252 | -2/Protoforge | Found Faulty Cep. Countertargeting System 33278 | -2/Protoforge | Found Cep. Networked Targeting System 33289 | -2/Protoforge | Found Faulty Cep. Networked Targeting System 33291 | -2/Protoforge | Found Corrupted Cep. Countertargeting System 33293 | -2/Protoforge | Found Corrupted Exp. Kinecellerator 33810 | -2/Protoforge | Build established: Gunner 33994 | -2/Protoforge | Botcube activated 34018 | -2/Protoforge | Botcube completed mutation into legged form, armed with 2 cannons. 34245 | -2/Protoforge | Found Cep. XC Strikerail 34247 | -2/Protoforge | Found Faulty Cep. XC Strikerail 34249 | -2/Protoforge | Found Faulty Cep. XC Strikerail 34381 | -2/Protoforge | Found Cep. Combat Aerolev Unit 34619 | -2/Protoforge | Spotted Decapitator 34620 | -2/Protoforge | Spotted Decapitator 34620 | -2/Protoforge | Spotted Decapitator 34620 | -2/Protoforge | Spotted V096-j 34622 | -2/Protoforge | Spotted V716-j 34639 | -2/Protoforge | Found Cep. Core Shell 34643 | -2/Protoforge | Found Cep. Core Shell 34664 | -2/Protoforge | Destroyed Decapitator 34664 | -2/Protoforge | Destroyed Decapitator 34666 | -2/Protoforge | Destroyed Decapitator 34763 | -2/Protoforge | Destroyed V716-j 34766 | -2/Protoforge | Destroyed V096-j 34774 | -2/Protoforge | Found Med. Regenerative Plating 34804 | -2/Protoforge | Found Prototype Processor 34804 | -2/Protoforge | Identified Exp. Armor Integrity Analyzer 35766 | -2/Protoforge | Botcube activated 35788 | -2/Protoforge | Botcube completed mutation into hovering form, armed with 2 guns. 35876 | -2/Protoforge | Spotted V079-c 35883 | -2/Protoforge | Destroyed V079-c 35886 | -2/Protoforge | Found Prototype Device 35887 | -2/Protoforge | Identified Exp. Shock Absorption System 35895 | -2/Protoforge | Found Faulty Cep. Tactical Fusion Warhead 36037 | -2/Protoforge | Attached CPS modules to *Nevermiss. 36249 | -2/Protoforge | Found Exp. Active Sensor Suite 36508 | -2/Protoforge | Found Cep. Zero-point Core 36631 | -2/Protoforge | Additional patrols dispatched to research labs 36713 | -2/Protoforge | Spotted Executioner 36713 | -2/Protoforge | Spotted Executioner 36722 | -2/Protoforge | Destroyed Executioner 36723 | -2/Protoforge | Allies destroyed Executioner 36775 | -2/Protoforge | Spotted Executioner 36776 | -2/Protoforge | Spotted Striker 36778 | -2/Protoforge | Spotted Striker 36778 | -2/Protoforge | Allies destroyed Executioner 36782 | -2/Protoforge | Spotted Executioner 36783 | -2/Protoforge | Allies destroyed Striker 36785 | -2/Protoforge | Destroyed Hotshot 36785 | -2/Protoforge | Destroyed Hotshot 36787 | -2/Protoforge | Allies destroyed Executioner 36789 | -2/Protoforge | Destroyed Striker 36793 | -2/Protoforge | Allies destroyed Hotshot 36810 | -2/Protoforge | Destroyed 12 combat bots 36813 | -2/Protoforge | Spotted Executioner 36817 | -2/Protoforge | Destroyed Hotshot 36819 | -2/Protoforge | Destroyed Executioner 36819 | -2/Protoforge | Destroyed Hotshot 36823 | -2/Protoforge | Spotted Executioner 36825 | -2/Protoforge | Allies destroyed Hotshot 36827 | -2/Protoforge | Allies destroyed Executioner 36828 | -2/Protoforge | Destroyed Striker 36835 | -2/Protoforge | Spotted Executioner 36839 | -2/Protoforge | Spotted Executioner 36840 | -2/Protoforge | Allies destroyed Executioner 36844 | -2/Protoforge | Destroyed Executioner 36879 | -2/Protoforge | Spotted Executioner 36883 | -2/Protoforge | Allies destroyed Executioner 36884 | -2/Protoforge | Spotted Executioner 36885 | -2/Protoforge | Destroyed Executioner 36887 | -2/Protoforge | Spotted Striker 36889 | -2/Protoforge | Spotted Striker 36897 | -2/Protoforge | Destroyed Striker 36905 | -2/Protoforge | Destroyed Striker 36922 | -2/Protoforge | Found Botcube 36930 | -2/Protoforge | Destroyed 26 combat bots 36956 | -2/Protoforge | Build established: Scavenger-Gunner 37024 | -2/Protoforge | Spotted Executioner 37026 | -2/Protoforge | Spotted Striker 37035 | -2/Protoforge | Destroyed Executioner 37040 | -2/Protoforge | Allies destroyed Striker 37047 | -2/Protoforge | Spotted Striker 37052 | -2/Protoforge | Spotted Striker 37053 | -2/Protoforge | Destroyed Striker 37055 | -2/Protoforge | Destroyed Striker 37059 | -2/Protoforge | Lost 3 allies 37075 | -2/Protoforge | Spotted Executioner 37076 | -2/Protoforge | Destroyed 7 combat bots 37078 | -2/Protoforge | Destroyed Executioner 37124 | -2/Protoforge | Spotted Hotshot 37125 | -2/Protoforge | Spotted Hotshot 37126 | -2/Protoforge | Spotted Hotshot 37127 | -2/Protoforge | Spotted Executioner 37131 | -2/Protoforge | Destroyed 11 combat bots 37136 | -2/Protoforge | Destroyed Executioner 37136 | -2/Protoforge | Destroyed Executioner 37137 | -2/Protoforge | Spotted Striker 37138 | -2/Protoforge | Spotted Striker 37139 | -2/Protoforge | Lost 3 allies 37140 | -2/Protoforge | Allies destroyed Hotshot 37141 | -2/Protoforge | Destroyed Striker 37145 | -2/Protoforge | Destroyed Hotshot 37159 | -2/Protoforge | Spotted Striker 37161 | -2/Protoforge | Spotted Striker 37161 | -2/Protoforge | Spotted Executioner 37161 | -2/Protoforge | Spotted Striker 37163 | -2/Protoforge | Destroyed Striker 37172 | -2/Protoforge | Allies destroyed Striker 37181 | -2/Protoforge | Allies destroyed Executioner 37190 | -2/Protoforge | UFD reported confirmed Drillbomb installation 37207 | -2/Protoforge | UFD reported confirmed Drillbomb installation 37208 | -2/Protoforge | Spotted B-90 Cyclops 37209 | -2/Protoforge | Destroyed 21 combat bots 37217 | -2/Protoforge | Destroyed B-90 Cyclops 37244 | -2/Protoforge | Spotted Executioner 37246 | -2/Protoforge | Spotted Striker 37247 | -2/Protoforge | Spotted Executioner 37256 | -2/Protoforge | Destroyed Executioner 37258 | -2/Protoforge | Destroyed Striker 37262 | -2/Protoforge | Destroyed Executioner 37264 | -2/Protoforge | Destroyed Executioner 37265 | -2/Protoforge | Spotted Striker 37273 | -2/Protoforge | Spotted Executioner 37278 | -2/Protoforge | Destroyed Striker 37278 | -2/Protoforge | Destroyed Executioner 37317 | -2/Protoforge | Destroyed 25 combat bots 37323 | -2/Protoforge | Spotted Striker 37331 | -2/Protoforge | Spotted Striker 37333 | -2/Protoforge | Spotted Executioner 37334 | -2/Protoforge | Spotted Striker 37334 | -2/Protoforge | Destroyed Executioner 37336 | -2/Protoforge | Destroyed Striker 37336 | -2/Protoforge | Allies destroyed Striker 37347 | -2/Protoforge | Destroyed Striker 37352 | -2/Protoforge | Spotted Executioner 37353 | -2/Protoforge | Spotted Striker 37359 | -2/Protoforge | Destroyed Striker 37359 | -2/Protoforge | Allies destroyed Executioner 37382 | -2/Protoforge | Destroyed 15 combat bots 37404 | -2/Protoforge | UFD reported confirmed Drillbomb installation 37411 | -2/Protoforge | Spotted Striker 37411 | -2/Protoforge | Spotted Striker 37411 | -2/Protoforge | Spotted Striker 37411 | -2/Protoforge | Spotted Executioner 37415 | -2/Protoforge | Destroyed Striker 37417 | -2/Protoforge | Destroyed Executioner 37419 | -2/Protoforge | Destroyed Striker 37425 | -2/Protoforge | Destroyed Striker 37436 | -2/Protoforge | Spotted Executioner 37436 | -2/Protoforge | Spotted Executioner 37439 | -2/Protoforge | Allies destroyed Executioner 37442 | -2/Protoforge | Destroyed Executioner 37463 | -2/Protoforge | Destroyed 20 combat bots 37472 | -2/Protoforge | Lost 3 parts (1n2u) 37511 | -2/Protoforge | Spotted Executioner 37511 | -2/Protoforge | Spotted Striker 37511 | -2/Protoforge | Spotted Executioner 37511 | -2/Protoforge | Spotted Striker 37516 | -2/Protoforge | Allies destroyed Striker 37517 | -2/Protoforge | Allies destroyed Striker 37517 | -2/Protoforge | Destroyed Executioner 37519 | -2/Protoforge | Destroyed Executioner 37536 | -2/Protoforge | Spotted Striker 37536 | -2/Protoforge | Spotted Striker 37545 | -2/Protoforge | Destroyed Striker 37549 | -2/Protoforge | Destroyed Striker 37570 | -2/Protoforge | Destroyed 18 combat bots 37611 | -2/Protoforge | Spotted Executioner 37611 | -2/Protoforge | Spotted Executioner 37611 | -2/Protoforge | Spotted Striker 37611 | -2/Protoforge | Spotted Striker 37612 | -2/Protoforge | Allies destroyed Striker 37622 | -2/Protoforge | Destroyed Striker 37623 | -2/Protoforge | Destroyed Executioner 37626 | -2/Protoforge | Destroyed Executioner 37636 | -2/Protoforge | Destroyed Striker 37636 | -2/Protoforge | Spotted Striker 37657 | -2/Protoforge | Destroyed 12 combat bots 37659 | -2/Protoforge | UFD reported confirmed Drillbomb installation 37688 | -2/Protoforge | UFD reported confirmed Drillbomb installation 37711 | -2/Protoforge | Spotted Executioner 37711 | -2/Protoforge | Spotted Striker 37711 | -2/Protoforge | Spotted Executioner 37711 | -2/Protoforge | Spotted Executioner 37715 | -2/Protoforge | Destroyed Executioner 37720 | -2/Protoforge | Destroyed Striker 37736 | -2/Protoforge | Spotted Executioner 37736 | -2/Protoforge | Spotted Executioner 37740 | -2/Protoforge | Destroyed Executioner 37761 | -2/Protoforge | Destroyed 17 combat bots 37811 | -2/Protoforge | Spotted Executioner 37811 | -2/Protoforge | Spotted Striker 37811 | -2/Protoforge | Spotted Striker 37811 | -2/Protoforge | Spotted Striker 37817 | -2/Protoforge | Core integrity fell below 20% 37819 | -2/Protoforge | Destroyed Striker 37821 | -2/Protoforge | Destroyed Striker 37823 | -2/Protoforge | Destroyed Striker 37836 | -2/Protoforge | Spotted Striker 37836 | -2/Protoforge | Spotted Striker 37839 | -2/Protoforge | Destroyed Striker 37860 | -2/Protoforge | Destroyed 17 combat bots 37882 | -2/Protoforge | Entered Access 37882 | -1/Access | Accompanied by 2 allies 37882 | -1/Access | Evolved 2 slots: Utility x2 37921 | -1/Access | High security lockdown imminent 38001 | -1/Access | High security lockdown engaged 38170 | -1/Access | Spotted Investigator 38172 | -1/Access | Destroyed Investigator 38195 | -1/Access | Destroyed 11 combat bots 38210 | -1/Access | Spotted Striker 38211 | -1/Access | Spotted Executioner 38211 | -1/Access | Energy Cycler disabled 38217 | -1/Access | Destroyed Executioner 38221 | -1/Access | Destroyed Striker 38223 | -1/Access | Spotted Striker 38229 | -1/Access | Spotted Striker 38230 | -1/Access | Found Botcube 38240 | -1/Access | Destroyed Striker 38258 | -1/Access | Allies destroyed Striker 38276 | -1/Access | Destroyed 10 combat bots 38307 | -1/Access | Spotted Striker 38320 | -1/Access | Spotted Executioner 38335 | -1/Access | Destroyed Executioner 38372 | -1/Access | Lost 6 parts (2n2u2w) 38374 | -1/Access | Destroyed 19 combat bots 38401 | -1/Access | Found Lrg. Botcube 38493 | -1/Access | Destroyed 16 combat bots 38518 | -1/Access | Spotted Executioner 38518 | -1/Access | Spotted Executioner 38533 | -1/Access | Destroyed Executioner 38548 | -1/Access | System corruption reached 10% 38549 | -1/Access | Destroyed Executioner 38558 | -1/Access | Spotted Executioner 38560 | -1/Access | Destroyed Executioner 38618 | -1/Access | Lost 6 parts (1n4u1w) 38620 | -1/Access | Destroyed 16 combat bots 38729 | -1/Access | Destroyed 21 combat bots 38755 | -1/Access | Spotted Striker 38765 | -1/Access | Spotted Executioner 38790 | -1/Access | Lost 3 parts (1n2u) 38797 | -1/Access | Core integrity fell below 50% 38847 | -1/Access | Spotted Striker 38847 | -1/Access | Spotted Striker 38851 | -1/Access | Core integrity fell below 20% 38855 | -1/Access | Destroyed by G-73 Enforcer with Phase Gun Last Messages --------------- 38849_ P-80 Master resets P-80 Master, system corruption cleaned. 38850_ Personal Teleporter v0.10 destroyed. 38851_ Slammed into Striker. 38851_ P-80 Master resets P-80 Master, system corruption cleaned. 38851_ Linear Gravjet destroyed. 38852_ Slammed into Striker. 38852_ Cep. Core Analysis Suite broken. 38852_ Destabilizing: Short circuit. 38853_ Slammed into Striker. 38853_ P-80 Master resets Striker, system corruption cleaned. 38853_ P-80 Master knocked back. 38854_ Slammed into Striker. 38854_ Destabilizing: System corrupted (+1). 38854_ Knocked back. 38854_ Broken Cep. Core Analysis Suite destroyed. 38855_ Slammed into Striker. Map ----- +----------------------------------------------------+ | ???????????????????????????? ??????????????????? | | ?????????????????????????? ?? #??????????? | | ?????????????????????????? ???????????? | | ?????????????????????????? ????????????? | | ??????????????????????????# #?????????????? | | ??????????????????????????# #?????????????? | | ??????????????????????????#= #?????????????? | | ??????????????????????????# #?????????????? | | ??????????????????????????# #?????????????? | | ?????????##########??????## #?????????????? | | ?????????# ####### ###???????????? | | ?????????# + " +????? | | ?????????# "" #######"% %= ##????????????? | | ?????????# """ #??????##! #?????????????? | | ??????# + R" #???????# #?????????????? | | ??????## # """ #???????# #?????????????? | | ?????????# "" ######### #?????????????? | | ?????????# * + #?????????????? | | ?????????# # ######?????????????? | | ?????????########## g # ?????????????????? | | ????+ "%" gm +??????????????????? | | ??????????################g##+#??????????????????? | | ???????????????????????# g K #??????????????????? | | ???????????#???????????# !p p#??????????????????? | | ##### #???????????# Kg #??????????????????? | | %[ / #???????????# @mbp #??????????????????? | | ##### #???????????# K!! #??????????????????? | | ???????????#???????????# #??????????????????? | | ???????????????????????########??????????????????? | | ?????????????????????????????????????????????????? | | ?????????????????????????????????????????????????? | | ?????????????????????????????????????????????????? | | ?????????????????????????????????????????????????? | | ?????????????????????????????????????????????????? | | ?????????????????????????????????????????????????? | | ?????????????????????????????????????????????????? | | ?????????????????????????????????????????????????? | | ?????????????????????????????????????????????????? | | ?????????????????????????????????????????????????? | | ?????????????????????????????????????????????????? | | ?????????????????????????????????????????????????? | | ?????????????????????????????????????????????????? | | ?????????????????????????????????????????????????? | | ?????????????????????????????????????????????????? | | ?????????????????????????????????????????????????? | | ?????????????????????????????????????????????????? | | ?????????????????????????????????????????????????? | | ?????????????????????????????????????????????????? | | ?????????????????????????????????????????????????? | | ?????????????????????????????????????????????????? | +----------------------------------------------------+ Best States ------------- Heat Dissipation 158 Coolant Potential 80 Energy Generation 81 Energy Capacity 2820 Matter Stores 1040 Matter Capacity 1050 Sight Range 23 Robot Scan Range 20 Terrain Scan Density 1010 Jamming Range 14 Cloak Strength 9 Power Amplification 20 Armor Coverage 1700 Resistance: TH 25 Resistance: EM 75 Core Shielding 90 Weapon Cycling 20 Phase Shifting 15 Evasion (%) 70 Targeting Accuracy 8 Core Analysis 11 Recoil Reduction 6 Offensive Hacking 37 Defensive Hacking 14 Authchip Count 1 Item Schematics ----------------- Huge Storage Unit | -10/Materials | Hacked Combat Drone Bay | -6/Data Miner | Free Lgt. Regenerative Plating | -6/Data Miner | Free Cld. Gravmag System | -6/Data Miner | Free Prc. Matter Filter | -6/Data Miner | Free Plasma Sword | -6/Data Miner | Free Adv. Medium Treads | -6/Data Miner | Free Adv. Particle Charger | -6/Data Miner | Free Imp. Remote Datajack | -6/Data Miner | Free Hvy. Disruptor Cannon | -6/Data Miner | Free Adv. Coolant Injector | -6/Data Miner | Free Adv. Focal Shield | -6/Data Miner | Free Particle Reactor | -6/Data Miner | Free Hyp. Railgun | -6/Data Miner | Free Imp. Powered Armor | -5/Factory | Scanalyzed Assault Drone Bay | -5/Zhirov | Free Exp. Heat Sink | -5/Zhirov | Free Exp. Optical Array | -5/Zhirov | Free Imp. Arc Thrower | -5/Zhirov | Free Imp. Matter Neutralizer | -2/Protoforge | Archive Exp. Thermal Shield | -2/Protoforge | Archive Imp. Diametric Drive | -2/Protoforge | Archive Exp. Myomer Leg | -2/Protoforge | Archive Cld. Antigrav System | -2/Protoforge | Archive Lgt. Antimatter Cannon | -2/Protoforge | Archive Robot Schematics ------------------ G-50 Soldier | -6/Data Miner | Free R-10 Processor | -6/Data Miner | Free A-15 Conveyor | -6/Data Miner | Free H-66 Slayer | -6/Data Miner | Free Y-64 Sentinel | -6/Data Miner | Free B-60 Warrior | -6/Data Miner | Free A-27 Freighter | -6/Data Miner | Free R-06 Scavenger | -2/Protoforge | Archive P-80 Master | -2/Protoforge | Archive C-65 Expert | -2/Protoforge | Archive Fabricated ------------ L-41 Fighter | x3 | -6/Factory | Preloaded Huge Storage Unit | x1 | -3/Armory Repaired ---------- Centrium Heavy Treads | 33% | -2/Quarantine Studied --------- Enh. Nova Cannon | -2/Quarantine | Hacked Enh. Quantum Rifle | -2/Quarantine | Hacked Alien Tech Used ----------------- Integrated Dissipator Transdimensional Reconstructor High-powered Transdimensional Reconstructor Dimensional Node Initializer Subatomic Replicator Supercharged TR Core Regenerator Achievements -------------- Power Plant Some Acronyms Are Better Than Others We Are One Worth The Wait Challenges ------------ None Game ------ Seed TimingStrikeSlamshotty Manual? 1 Play Time 07:35:24 Cumulative 352.4 hours Start 2025.10.31 @ 22:01:38 End 2025.11.03 @ 00:30:12 Sessions 7 Manual Loads 0 Difficulty Rogue Special Mode None Game No. 117 Rogue 117 Adventurer 0 Explorer 0 Win Type - Total 8 Types 3/0/3/0/0/0/1/0/0/1 Lore% 78 Gallery% 84 Achievement% 67 Wizard Run 0 Options --------- Layout 1 ASCII 0 Keyboard 1 Movement Arrows Keybinds 0 Fullscreen 1 Font 24/Smallcaps Map View 50x35 Zoom Use 0% Tactical HUD 1 Map Filters NONE Filters NONE Steam 1 RUN: f7c00145-3b81-462b-bcef-80a6fa9e2fb2